 Dungeon Crawl Stone Soup version 0.26-a0-651-gb41185065b (webtiles) character file.

Game seed: 9286451853356250470

1398986 Irenicus the Petrodigitator (level 27, -1/288 HPs)
             Began as a Deep Dwarf Earth Elementalist on Oct 16, 2020.
             Was the Champion of Makhleb.
             Killed from afar by Iqitruaz the pandemonium lord (64 damage)
             ... with an orb of electricity
             ... on level 4 of the Depths on Oct 18, 2020.
             The game lasted 09:24:17 (36442 turns).

Irenicus the Petrodigitator (DDEE)                 Turns: 36442, Time: 09:24:17

Health: -1/288     AC: 22    Str:  7    XL:     27
Magic:  58/79 (52) EV: 33    Int: 60    God:    Makhleb [******]
Gold:   6654       SH: 31    Dex: 20    Spells: 18/76 levels left

rFire    + + .     SeeInvis .   K - +10 scimitar "Iggig" {pain, rF+ MP+9 Int+7 Dex-2}
rCold    + . .     Faith    .   L - +2 tower shield "Zuragre" {Harm +Fly Slay-2}
rNeg     + + +     Spirit   .   x - +3 leather armour of a treasure trove {rPois Str-3 Int+7}
rPois    +         Reflect  +   N - +2 hood of the Assassin {Detection Stab+ Stlth++}
rElec    .         Harm     +   P - +2 cloak {MR+}
rCorr    +         Rampage  +   n - +2 pair of gloves of Hopscotch {Rampage rCorr Dex+9}
MR       +++++     Rnd*Rage +   e - +2 pair of boots of Masochism {Int+7}
Stlth    ++++......             G - amulet "Uschufoth" {Reflect +Blink MP+9 Int+7 SH+5}
HPRegen  0.00/turn              g - ring of Res Nullius {+Blink rN+ Int+5}
MPRegen  0.46/turn              y - ring "Xerchigy" {rF+ rC+ rN+ MP+9 Str-2}

@: non-regenerating
A: damage resistance, heal wounds, antennae 1, hooves 1, berserk 1, magic
resistance 1, negative energy resistance 1, sense surroundings 3, weak 1, no
regeneration
0: Orb of Zot
}: 15/15 runes: decaying, serpentine, slimy, silver, golden, iron, obsidian,
icy, bone, abyssal, demonic, glowing, magical, fiery, dark
a: Heal Wounds, Minor Destruction, Lesser Servant of Makhleb, Major Destruction,
Greater Servant of Makhleb, Renounce Religion, Evoke Blink, Evoke Flight


You were on level 4 of the Depths.
You worshipped Makhleb.
Makhleb was exalted by your worship.
You visited 17 branches of the dungeon, and saw 89 of its levels.
You visited Pandemonium 1 time, and saw 20 of its levels.
You visited the Abyss 1 time.
You visited 2 bazaars.
You completed 1 ziggurat, and saw 27 of its levels.
You also visited: Sewer and Bailey.

You collected 11987 gold pieces.
You spent 5333 gold pieces at shops.

Inventory:

Hand Weapons
 K - the +10 scimitar "Iggig" (weapon) {pain, rF+ MP+9 Int+7 Dex-2}
   (You found it on level 4 of the Lair of Beasts)

   In the hands of one skilled in necromantic magic, it inflicts extra damage on
   living creatures.
   It affects your intelligence (+7).
   It affects your dexterity (-2).
   It protects you from fire.
   It affects your magic capacity (+9).
Missiles
 a - 487 stones (quivered)
Armour
 e - the +2 pair of boots of Masochism (worn) {Int+7}
   (You acquired it on level 14 of a ziggurat)

   It affects your intelligence (+7).
 n - the +2 pair of gloves of Hopscotch (worn) {Rampage rCorr Dex+9}
   (You found it on level 3 of the Elven Halls)

   It affects your dexterity (+9).
   It provides partial protection from all sources of acid and corrosion.
   It bestows one free step when moving towards enemies.
 q - the +2 pair of gloves of Happiness {rElec SInv}
   (You acquired it on level 3 of the Abyss)

   It insulates you from electricity.
   It lets you see invisible.
 x - the +3 leather armour of a treasure trove (worn) {rPois Str-3 Int+7}
   (You took it off a deep elf annihilator on level 3 of the Elven Halls)

   It affects your strength (-3).
   It affects your intelligence (+7).
   It protects you from poison.
 B - the +3 warlock's mirror {reflect}
   (You bought it in a shop on level 2 of the Elven Halls)
 L - the +2 tower shield "Zuragre" (worn) {Harm +Fly Slay-2}
   (You found it on level 2 of the Swamp)

   It affects your accuracy and damage with ranged weapons and melee attacks
   (-2).
   It lets you fly.
   It increases damage dealt and taken.
 N - the +2 hood of the Assassin (worn) {Detection Stab+ Stlth++}
   (You found it on level 10 of a ziggurat)

   It makes you much more stealthy.
 P - a +2 cloak of magic resistance (worn)
   (You found it on level 3 of the Elven Halls)
Jewellery
 d - the ring "Miblas" {rF++ MR+ Int+6}
   (You found it on level 7 of Cocytus)

   [ring of protection from magic]

   It affects your intelligence (+6).
   It greatly protects you from fire.
   It affects your resistance to hostile enchantments.
 f - the ring of Lugonu's Reproof {rElec rF+ EV+4}
   (You found it on level 3 of the Vaults)

   [ring of evasion]

   It affects your evasion (+4).
   It protects you from fire.
   It insulates you from electricity.
 g - the ring of Res Nullius (left hand) {+Blink rN+ Int+5}
   (You found it on level 5 of the Pits of Slime)

   [ring of positive energy]

   It affects your intelligence (+5).
   It protects you from negative energy.
   It lets you blink.
 y - the ring "Xerchigy" (right hand) {rF+ rC+ rN+ MP+9 Str-2}
   (You took it off a skeletal warrior on level 7 of Tartarus)

   [ring of protection from cold]

   It affects your strength (-2).
   It protects you from fire.
   It protects you from cold.
   It protects you from negative energy.
   It affects your magic capacity (+9).
 G - the amulet "Uschufoth" (around neck) {Reflect +Blink MP+9 Int+7 SH+5}
   (You found it on level 8 of a ziggurat)

   [amulet of reflection]

   It shields you and reflects attacks.
   It affects your intelligence (+7).
   It affects your magic capacity (+9).
   It lets you blink.
   It affects your SH (+5).
 S - the ring "Trusted Companion" {+Fly rPois rF++ rC+ Str+3}
   (You found it on level 19 of a ziggurat)

   [ring of flight]

   It affects your strength (+3).
   It greatly protects you from fire.
   It protects you from cold.
   It protects you from poison.
   It lets you fly.
 V - the ring "Jotu Fiw" {rPois MP+9 Str+6}
   (You found it on level 3 of the Tomb of the Ancients)

   [ring of strength]

   It affects your strength (+6).
   It protects you from poison.
   It affects your magic capacity (+9).
 Y - the amulet "Kumm" {RegenMP rN+ Int-2 Stlth+}
   (You found it on level 5 of the Pits of Slime)

   [amulet of magic regeneration]

   It increases your magic regeneration.
   It affects your intelligence (-2).
   It protects you from negative energy.
   It makes you more stealthy.
 Z - the ring "Eblesm" {+Inv rC+ Str-2 SInv}
   (You bought it in a shop in a bazaar)

   [ring of see invisible]

   It affects your strength (-2).
   It protects you from cold.
   It lets you see invisible.
   It lets you turn invisible.
Wands
 b - a wand of iceblast (65)
   (You found it on level 1 of the Lair of Beasts)
 m - a wand of digging (10)
   (You found it on level 3 of the Crypt)
 W - a wand of acid (36)
   (You bought it in a shop on level 2 of the Orcish Mines)
Scrolls
 r - 17 scrolls of remove curse
 s - 5 scrolls of enchant armour
 w - 7 scrolls of immolation {!r}
 z - 2 scrolls of summoning
 F - 5 scrolls of blinking {!r}
 J - 13 scrolls of teleportation
 R - 6 scrolls of holy word {!r}
 U - 5 scrolls of identify
Potions
 c - 24 potions of mutation {!q}
 h - 13 potions of cancellation
 j - 7 potions of lignification {!q}
 k - 20 potions of curing
 o - 6 potions of might
 p - 13 potions of brilliance
 I - a potion of ambrosia
Miscellaneous
 i - a tin of tremorstones (3/3)
   (You found it on level 2 of the Lair of Beasts)
 t - the horn of Geryon
   (You took it off Geryon in the Vestibule of Hell)
 A - a phantom mirror
   (You found it on level 3 of the Elven Halls)
 D - a box of beasts (3/3)
   (You found it on level 3 of the Lair of Beasts)
 E - a condenser vane (1/2)
   (You bought it in a shop on level 2 of the Orcish Mines)
 M - a phial of floods
   (You found it on level 4 of the Lair of Beasts)
 X - a lightning rod (4/4)
   (You found it on level 1 of the Elven Halls)


   Skills:
 - Level 24.6 Fighting
 - Level 13.0 Long Blades
 - Level 18.9 Armour
 O Level 27 Dodging
 - Level 22.7 Stealth
 O Level 27 Shields
 + Level 25.1 Spellcasting
 - Level 1.1 Conjurations
 - Level 25.2 Necromancy
 - Level 6.0 Translocations
 - Level 8.0 Transmutations
 O Level 27 Earth Magic
 O Level 27 Evocations


You had 18 spell levels left.
You knew the following spells:

 Your Spells              Type           Power        Failure   Level
a - Sandblast             Erth           ######       0%          1
b - Shatter               Erth           #########.   1%          9
c - Statue Form           Tmut/Erth      ########.    0%          6
d - Borgnjor's Vile Clut  Necr/Erth      #########.   0%          5
e - Passage of Golubria   Tloc           N/A          1%          4
f - Dispel Undead         Necr           ########     0%          4
g - Apportation           Tloc           ######       0%          1
h - Infestation           Necr           #########.   1%          8
i - Necromutation         Tmut/Necr      ########..   1%          8
r - Sublimation of Blood  Necr           #########.   0%          2
w - Passwall              Tmut/Erth      ########     0%          2
x - Stone Arrow           Conj/Erth      ######       0%          3
z - Lee's Rapid Deconstr  Erth           #########.   0%          5

Your spell library contained the following spells:

 Spells                   Type           Power        Failure   Level
 Animate Skeleton         Necr           ######       0%          1
 Beastly Appendage        Tmut           ######       0%          1
 Pain                     Necr           ####         0%          1
 Blink                    Tloc           N/A          0%          2
 Corpse Rot               Necr/Air       N/A          0%          2
 Wereblood                Tmut           ########     0%          2
 Vampiric Draining        Necr           #########.   0%          3
 Animate Dead             Necr           #########.   0%          4
 Leda's Liquefaction      Hex/Erth       ########..   0%          4
 Petrify                  Tmut/Erth      ########     0%          4
 Agony                    Necr           ########     0%          5
 Excruciating Wounds      Necr           #########.   0%          5
 Death Channel            Necr           #########.   0%          6
 Corona                   Hex            ######.      1%          1
 Foxfire                  Conj/Fire      ####         1%          1
 Magic Dart               Conj           ####         1%          1
 Shock                    Conj/Air       ####         1%          1
 Sting                    Tmut/Pois      ####         1%          1
 Summon Small Mammal      Summ           ####         1%          1
 Call Imp                 Summ           ######..     1%          2
 Ensorcelled Hibernation  Hex/Ice        ######       1%          2
 Poisonous Vapours        Pois/Air       ######       1%          2
 Searing Ray              Conj           ######       1%          2
 Slow                     Hex            ######..     1%          2
 Swiftness                Air            ######..     1%          2
 Call Canine Familiar     Summ           ######..     1%          3
 Conjure Flame            Conj/Fire      ######..     1%          3
 Dazzling Flash           Conj/Hex       ######       1%          3
 Gell's Gravitas          Tloc           #######...   1%          3
 Ignite Poison            Fire/Tmut/Pois #######.     1%          3
 Inner Flame              Hex/Fire       ######..     1%          3
 Lesser Beckoning         Tloc           #######...   1%          3
 Mephitic Cloud           Conj/Pois/Air  ######..     1%          3
 Portal Projectile        Hex/Tloc       ######       1%          3
 Spider Form              Tmut/Pois      #######...   1%          3
 Static Discharge         Conj/Air       ######..     1%          3
 Summon Guardian Golem    Hex/Summ       ######..     1%          3
 Teleport Other           Tloc           #######.     1%          3
 Tukima's Dance           Hex            ######..     1%          3
 Airstrike                Air            ######....   1%          4
 Cause Fear               Hex            ######....   1%          4
 Fulminant Prism          Conj/Hex       ######....   1%          4
 Hailstorm                Conj/Ice       ######..     1%          4
 Ice Form                 Ice/Tmut       #######.     1%          4
 Iskenderun's Mystic Bla  Conj/Tloc      #######.     1%          4
 Olgreb's Toxic Radiance  Pois           ######..     1%          4
 Sticky Flame             Conj/Fire      ######..     1%          4
 Summon Ice Beast         Ice/Summ       ######..     1%          4
 Summon Lightning Spire   Summ/Air       ######..     1%          4
 Alistair's Intoxication  Tmut/Pois      #######..    1%          5
 Blade Hands              Tmut           ########..   1%          5
 Bolt of Magma            Conj/Fire/Erth ########..   1%          5
 Irradiate                Conj/Tmut      #######...   1%          5
 Iskenderun's Battlesphe  Conj           ######..     1%          5
 Summon Forest            Summ/Tloc      #######...   1%          5
 Yara's Violent Unravell  Hex/Tmut       #######...   1%          5
 Dispersal                Tloc           #######...   1%          6
 Hydra Form               Tmut           ########..   1%          6
 Iron Shot                Conj/Erth      ########..   1%          6
 Simulacrum               Ice/Necr       ########..   1%          6
 Haunt                    Necr/Summ      ########..   1%          7
 Borgnjor's Revivificati  Necr           #########.   1%          8
 Death's Door             Necr           #########.   1%          9
 Lightning Bolt           Conj/Air       ######....   2%          5
 Lehudib's Crystal Spear  Conj/Erth      ########..   2%          8
 Metabolic Englaciation   Hex/Ice        ######....   3%          5
 Silence                  Hex/Air        ######....   3%          5
 Summon Demon             Summ           ######....   3%          5
 Summon Mana Viper        Hex/Summ       ######..     3%          5
 Eringya's Noxious Bog    Tmut/Pois      #######...   3%          6
 Dragon Form              Tmut           ########..   3%          7
 Conjure Ball Lightning   Conj/Air       ######....   14%         6
 Starburst                Conj/Fire      ######....   14%         6
 Freezing Cloud           Conj/Ice/Air   ######....   16%         6
 Invisibility             Hex            ######..     19%         6
 Ozocubu's Refrigeration  Ice            ######....   19%         6
 Shadow Creatures         Summ           N/A          19%         6
 Malign Gateway           Summ/Tloc      #######...   30%         7
 Orb of Destruction       Conj           ######....   54%         7
 Disjunction              Tloc           #######...   54%         8
 Spellforged Servitor     Conj/Summ      ######....   63%         7
 Summon Hydra             Summ           ######....   71%         7
 Chain Lightning          Conj/Air       ######....   99%         8
 Discord                  Hex            ######....   100%        8
 Ignition                 Fire           ######....   100%        8
 Absolute Zero            Ice            ######....   100%        9
 Dragon's Call            Summ           ######....   100%        9
 Fire Storm               Conj/Fire      ######....   100%        9
 Tornado                  Air            ######....   100%        9


Dungeon Overview and Level Annotations

Branches:
Dungeon (15/15)            Temple (0/1) D:6            Lair (6/6) D:11
  Swamp (4/4) Lair:3        Snake (4/4) Lair:4        Slime (5/5) Lair:5
    Orc (2/2) D:12            Elf (3/3) Orc:2        Vaults (5/5) D:14
  Crypt (3/3) Vaults:3       Tomb (3/3) Crypt:3      Depths (5/5) D:15
   Hell (visited)             Dis (7/7) Hell            Geh (7/7) Hell
    Coc (7/7) Hell            Tar (7/7) Hell            Zot (5/5) Depths:5
  Sewer (visited)          Bailey (visited)

Altars:
Ashenzari
Cheibriados
Dithmenos
Fedhas
Gozag
Kikubaaqudgha
Makhleb
Okawaru
Uskayaw
Xom
Yredelemnul
Zin
The Shining One

Shops:
D:7 *   Orc:1 =   Orc:2 }([!   Elf:2 }[?*?   Vaults:2 *}   Depths:2 *

Portals:
Hell: Depths:1 Depths:2 Depths:3 Depths:4 Depths:5
Abyss: Depths:1 Depths:4
Pandemonium: Depths:3

Annotations:
D:9 3 runed translucent doors, Lanoc's ghost, novice HOCK
D:10 1 runed translucent door, Lanoc's ghost, journeyman HaHu
Slime:4 exclusion: great orb of eyes
Elf:1 2 runed translucent doors, Miatylau's ghost, adept FoFi
Elf:2 some scroll of ench armor
Vaults:1 Isedumueph's ghost, veteran HuFi
Vaults:4 pots of mut, need apportation
Dis:7 Dispater


Innate Abilities, Weirdness & Mutations

You are resistant to damage.
You can heal yourself by infusing magical energy.
You resist negative energy. (rN+)
You passively map a large area around you.
You do not regenerate.
You have a pair of small antennae on your head.
You have large cloven feet.
You tend to lose your temper in combat.
You are resistant to hostile enchantments. (MR+)
You are weak. (Str -2)


Message History

You block the sixfirhy's attack.
There is a stone staircase leading up here.
The sixfirhy closely misses you.
You riposte.
You miss the sixfirhy.
The sixfirhy is severely wounded.
You block the sixfirhy's attack. x2
The small abomination closely misses you.
Iqitruaz gestures at you.
The orb of electricity explodes!
The orb of electricity engulfs you!!!
The orb of electricity engulfs Iqitruaz.
Iqitruaz resists.
The orb of electricity engulfs the small abomination!!!
The small abomination is destroyed!
The orb of electricity engulfs the sixfirhy.
The sixfirhy completely resists.
You block the sixfirhy's attack.
You climb upwards.
There is a stone staircase leading down here.
You take 43 damage, and have 197/288 hp.
Casting: Apportation (safe; 0% risk of failure)
Confirm with . or Enter, or press ? or * to list all spells.
Aiming: Borgnjor's Vile Clutch (safe; 0% risk of failure)
Press: ? - help, Shift-Dir - straight line, f - Iqitruaz
Aim: Iqitruaz (lightly wounded) Zombie hands grab Iqitruaz.
The zombie hands constrict Iqitruaz, but do no damage.
You block Iqitruaz's attack.
You now have 68/79 mp.
The zombie hands constrict Iqitruaz.
Iqitruaz struggles to escape constriction.
Unknown command.
Really read
F - 7 scrolls of blinking {!r}?
Press: ? - help, Dir - move target cursor, p - Iqitruaz
As you read the scroll of blinking {!r}, it crumbles to dust.
The zombie hands constrict Iqitruaz!!
Iqitruaz struggles to escape constriction.
Iqitruaz gestures at you. The bolt of acid hits you! You resist.
You are splashed with acid.
You resist.
You take 14 damage, and have 183/288 hp.
Really read
F - 6 scrolls of blinking {!r}? [Y]es or [N]o only, please.
Really read
F - 6 scrolls of blinking {!r}? [Y]es or [N]o only, please.
Really read
F - 6 scrolls of blinking {!r}?
Press: ? - help, Dir - move target cursor The zombie hands lose their grip on something.
As you read the scroll of blinking {!r}, it crumbles to dust.
The sixfirhy closely misses you.
Casting: Borgnjor's Vile Clutch (safe; 0% risk of failure)
Confirm with . or Enter, or press ? or * to list all spells.
Aiming: Borgnjor's Vile Clutch (safe; 0% risk of failure)
Press: ? - help, Shift-Dir - straight line, f - sixfirhy
Aim: a sixfirhy (moderately wounded) Zombie hands grab the sixfirhy.
The zombie hands constrict the sixfirhy!!
The sixfirhy struggles to escape constriction. x3
The sixfirhy escapes!
You block the sixfirhy's attack. The sixfirhy closely misses you.
You riposte.
You barely miss the sixfirhy.
The sixfirhy is severely wounded.
You now have 67/79 mp.
Casting: Borgnjor's Vile Clutch (safe; 0% risk of failure)
Confirm with . or Enter, or press ? or * to list all spells.
Aiming: Borgnjor's Vile Clutch (safe; 0% risk of failure)
Press: ? - help, Shift-Dir - straight line, f/p - sixfirhy
Aim: a sixfirhy (severely wounded) Zombie hands grab the sixfirhy.
The zombie hands constrict the sixfirhy!
You kill the sixfirhy!
Makhleb accepts your kill.
You now have 63/79 mp.
A chaos spawn comes into view.
You rampage towards the chaos spawn!
Casting: Borgnjor's Vile Clutch (safe; 0% risk of failure)
Confirm with . or Enter, or press ? or * to list all spells.
Aiming: Borgnjor's Vile Clutch (safe; 0% risk of failure)
Press: ? - help, Shift-Dir - straight line, f - chaos spawn
Aim: a chaos spawn Zombie hands grab the chaos spawn.
The zombie hands constrict the chaos spawn!!
Iqitruaz gestures at you.
The orb of electricity explodes!
The orb of electricity engulfs you!!!
The orb of electricity engulfs the chaos spawn!!
The chaos spawn dies!
The chaos spawn degenerates into a cloud of primal chaos!
You take 70 damage, and have 113/288 hp.
MASSIVE DAMAGE!!
You now have 62/79 mp.
Casting: Borgnjor's Vile Clutch (safe; 0% risk of failure)
Confirm with . or Enter, or press ? or * to list all spells.
Aiming: Borgnjor's Vile Clutch (safe; 0% risk of failure)
Press: ? - help, Shift-Dir - straight line, f - Iqitruaz
Aim: Iqitruaz (lightly wounded) Zombie hands grab Iqitruaz.
The zombie hands constrict Iqitruaz.
Iqitruaz struggles to escape constriction.
You now have 57/79 mp.
The zombie hands constrict Iqitruaz!
Iqitruaz gestures at you.
The orb of electricity explodes!
The orb of electricity engulfs you!!!
* * * LOW HITPOINT WARNING * * *
Iqitruaz gestures at you.
The orb of electricity explodes!
The orb of electricity engulfs you!!!
You die...

*##...........$....#, ####.#§#.
*..................# ..........
*.#................# #.####....
..................# *#........
*................######..#.....
..#.............#.............
..#....<......................
....................#...#.....
*#............@.........###....
#................##...# ##....
#...................&.###..#..
##.............).......##.....
##.....#.................[#..
##..#.##..##........>.......
#####.######...........[... #
#.##............
#####...........


You could see Iqitruaz (clutched).

Vanquished Creatures
  Cerebov (Pan)
  Asmodeus (Geh:7)
  Antaeus (Coc:7)
  the Royal Jelly (Slime:5)
  Ereshkigal (Tar:7)
  Mnoleg (Pan)
  Gloorx Vloq (Pan)
  Lom Lobon (Pan)
  An orb of fire (Zot:5)
  Khufu (Tomb:3)
  Mennas (Depths:4)
  24 ancient liches
  A juggernaut (Zig:10)
  28 greater mummies
  The ghost of Docw the Sensei, a legendary DETm of Kikubaaqudgha (Crypt:1)
  5 pandemonium lords
  2 shard shrikes (Coc:7)
  4 Killer Klowns (Zot:5)
  Margery (Crypt:2)
  12 golden dragons
  Geryon (Hell)
  8 caustic shrikes
  Nikola (Depths:2)
  the Enchantress (Depths:4)
  Jory (Vaults:5)
  The ghost of Utwej the Omniscient, an adept GnVM of Ashenzari (Vaults:3)
  8 bone dragons
  3 doom hounds
  16 Brimstone Fiends
  5 electric golems
  17 Tzitzimimeh
  4 iron giants
  14 Ice Fiends
  Jorgrun (D:14)
  16 tentacled monstrosities
  10 Hell Sentinels
  9 deep elf blademasters
  20 liches
  17 Orb Guardians (Zot:5)
  19 titans
  12 quicksilver dragons
  22 acid blobs
  21 ancient champions
  12 deep elf master archers
  17 Executioners
  21 sphinxes
  11 tentacled starspawn
  6 death cobs
  7 tengu reavers
  9 storm dragons
  7 thorn hunters
  13 shadow dragons
  68 nagarajas
  The ghost of Vevoth Taqom the Unseen, an adept SpEn of Dithmenos (Depths:4)
  19 revenants
  7 draconian monks
  10 azure jellies
  2 daevas
  9 fire giants
  10 frost giants
  4 draconian scorchers
  An orc warlord (Zig:10)
  17 cacodemons
  12 deep elf sorcerers
  3 draconian knights (Zig:14)
  5 emperor scorpions (Zig:20)
  5 iron dragons
  3 warmongers
  23 vault wardens
  3 draconian shifters
  34 balrugs
  Aizul (Snake:3)
  3 ghost moths
  An angel (Depths:2)
  44 reapers
  10 curse skulls
  20 ironheart preservers
  3 deep elf elementalists (Elf:3)
  33 very ugly things
  4 ghouls (Crypt:1)
  A juggernaut zombie (Zig:15)
  7 draconian annihilators
  A draconian stormcaller (Zig:14)
  20 war gargoyles
  4 corrupters
  5 spriggan defenders
  An ophan (Abyss:5)
  An elemental wellspring (Coc:7)
  13 vampire knights
  4 entropy weavers
  A caustic shrike skeleton (Zig:9)
  6 bennus
  3 blood saints
  6 green draconians
  24 stone giants
  6 lorocyprocas
  4 black suns
  4 yellow draconians
  22 deep elf demonologists
  5 purple draconians
  2 black draconians
  27 deep elf annihilators
  A spark wasp (shapeshifter) (Zig:7)
  The ghost of p0werm0de the Fighter, a journeyman MiFi of Uskayaw (Orc:2)
  6 white draconians
  7 red draconians
  4 spark wasps (Depths:4)
  7 green deaths
  7 jiangshi
  2 crystal guardians
  13 ettins
  4 death oozes (Slime:5)
  8 eidola
  14 deep elf death magi
  13 blizzard demons
  32 mummy priests
  9 merfolk javelineers
  2 quicksilver dragon zombies
  13 great orbs of eyes
  9 merfolk impalers
  A kraken zombie (Coc:2)
  4 fire dragons
  13 deep elf high priests
  Harold (Orc:1)
  17 ogre magi
  2 hell beasts (Zig:21)
  32 hydras
  4 spriggan air magi
  A monstrous demonspawn (Pan)
  30 vault guards
  14 merfolk aquamancers
  A hydra (shapeshifter) (Zig:7)
  17 yaktaur captains
  3 shambling mangroves
  4 quicksilver dragon skeletons
  4 ghost crabs
  13 ice dragons
  Erolcha (Orc:2)
  6 centaur warriors
  4 merfolk avatars
  7 rakshasas
  2 satyrs
  13 alligators
  6 death knights
  12 anacondas
  23 naga warriors
  3 alligator snapping turtles
  Erica (Orc:1)
  8 deep troll shamans
  3 anacondas (shapeshifter)
  32 two-headed ogres
  39 dancing weapons
  5 death yaks (Lair:4)
  60 death scarabs
  2 tengu warriors
  5 deep troll earth magi
  15 hell hogs
  20 vampire magi
  12 thrashing horrors
  Urug (Lair:3)
  4 iron golems
  19 naga sharpshooters
  8 orc high priests
  Sonja (Lair:2)
  4 storm dragon zombies
  7 titan zombies
  24 shock serpents
  4 spriggan berserkers
  27 deep elf knights
  Nergalle (D:11)
  17 soul eaters
  29 sun demons
  An iron troll (Depths:4)
  12 wretched stars
  110 hell knights
  11 sixfirhies
  6 titan skeletons
  8 salamander mystics
  91 skeletal warriors
  A death drake (Zig:6)
  10 shadow wraiths
  24 small abominations
  7 anaconda zombies
  4 glowing orange brains
  A kraken simulacrum (Hell)
  11 shadow demons
  A torturous demonspawn (Zig:21)
  3 spriggan druids
  2 ghost moth zombies
  4 gelid demonspawn (Pan)
  An entropy weaver zombie (Vaults:2)
  5 spatial maelstroms
  A glowing orange brain (shapeshifter) (Zig:24)
  9 sea snakes
  22 deep trolls
  A deep troll (shapeshifter) (Vaults:5)
  A storm dragon skeleton (Crypt:3)
  A swamp dragon (shapeshifter) (Zig:24)
  5 unseen horrors
  47 starcursed masses
  25 flayed ghosts
  2 sea snakes (shapeshifter) (Zig:24)
  3 golden dragon skeletons
  9 naga ritualists
  A tengu zombie (Zig:15)
  4 obsidian statues
  15 swamp dragons
  21 harpies
  2 anaconda skeletons
  22 ironbrand convokers
  18 orc knights
  Pikel (D:5)
  3 shadow dragon zombies
  2 orange crystal statues
  10 wizards
  23 deep elf archers
  12 phantasmal warriors
  A lindwurm (shapeshifter) (Depths:3)
  4 wolf spider zombies
  2 lindwurms
  28 ugly things
  36 necromancers
  5 shadow dragon skeletons
  3 orb spiders
  97 deep elf magi
  6 iron dragon zombies
  3 oklob plants (Lair:3)
  11 wolf spiders
  5 fauns
  4 fire giant zombies
  18 manticores
  A sphinx skeleton (Depths:3)
  15 salamanders
  5 shining eyes
  3 frost giant zombies
  11 cyclopes
  5 orc sorcerers
  14 mana vipers
  6 elephants
  13 moths of wrath
  2 manticores (shapeshifter)
  A worldbinder (Depths:4)
  13 fire giant skeletons
  2 human skeletons
  5 stone giant skeletons
  7 merfolk sirens
  18 guardian serpents
  38 large abominations
  7 apocalypse crabs
  35 naga magi
  5 stone giant zombies
  13 vault sentinels
  4 frost giant skeletons
  2 ice statues (Zig:11)
  Joseph (Lair:1)
  6 eyes of devastation
  A shock serpent zombie (Geh:2)
  66 black mambas
  14 molten gargoyles
  5 gargoyles
  2 spriggan zombies (Zig:15)
  19 smoke demons
  5 torpor snails
  10 orange demons
  21 cane toads
  13 water nymphs
  44 rust devils
  A torpor snail (shapeshifter) (Depths:1)
  32 hellions
  A cane toad (shapeshifter) (Vaults:5)
  3 storm dragon simulacra (Coc:7)
  3 centaur skeletons
  An emperor scorpion zombie (Coc:7)
  18 freezing wraiths
  4 kobold demonologists
  A shock serpent skeleton (Geh:4)
  4 komodo dragons
  6 dire elephant skeletons
  3 anaconda simulacra (Coc:7)
  31 tormentors
  A swamp worm zombie (Crypt:1)
  2 rime drakes
  3 demonic crawlers
  A minotaur skeleton (Crypt:2)
  3 tengu conjurers
  15 efreet
  47 guardian mummies
  An elf skeleton (Depths:3)
  36 yaktaurs
  11 ancient zymes
  18 ice devils
  16 trolls
  A komodo dragon (shapeshifter) (Vaults:3)
  22 red devils
  A red draconian skeleton (Geh:4)
  2 silent spectres
  A pale draconian skeleton (Crypt:1)
  A jumping spider (shapeshifter) (Zig:7)
  8 hydra zombies
  2 jumping spiders (Zig:8)
  A polar bear (shapeshifter) (Elf:3)
  A meliai (shapeshifter) (Depths:2)
  7 wind drakes
  13 hellwings
  5 bog bodies
  A wind drake (shapeshifter) (D:14)
  43 merfolk
  17 hornets
  113 slime creatures
  4 snapping turtles
  11 tyrant leeches
  4 ettin zombies
  A tyrant leech (shapeshifter) (Zig:7)
  13 raiju
  2 hippogriffs (shapeshifter)
  2 ice dragon zombies
  2 fire dragon zombies
  5 dream sheep (Lair:6)
  2 alligator zombies
  The ghost of p0werm0de the Skirmisher, an amateur GrFi (D:4)
  22 blink frogs
  11 hippogriffs
  5 hydra skeletons
  4 tarantellas (Zig:8)
  7 air elementals
  A tarantella (shapeshifter) (Vaults:3)
  93 flying skulls
  A dire elephant simulacrum (Coc:7)
  31 shadows
  6 vampires
  2 ice dragon skeletons
  Sigmund (D:3)
  A redback (shapeshifter) (D:12)
  25 spriggans
  13 wyverns
  A yak (shapeshifter) (Zig:18)
  4 redbacks
  26 ushabtiu
  36 wraiths
  15 ynoxinuls
  42 yaks
  2 alligator skeletons
  3 ettin skeletons
  15 fire dragon skeletons
  25 fire elementals
  2 black mamba skeletons
  24 water elementals
  5 basilisks
  A fire bat (shapeshifter) (Vaults:4)
  20 neqoxecs
  A steam dragon (Lair:3)
  16 golden eyes
  A basilisk (shapeshifter) (Abyss:4)
  13 chaos spawn
  16 vampire mosquitoes
  7 wargs
  8 spatial vortices
  25 insubstantial wisps
  A harpy simulacrum (Crypt:1)
  Edmund (D:5)
  4 cane toad zombies
  A merfolk zombie (Crypt:3)
  An acid dragon (Vaults:2)
  73 nagas
  A floating eye (Slime:4)
  17 swamp worms
  2 hydra simulacra
  5 porcupines
  Duvessa (D:5)
  55 hell hounds
  21 water moccasins
  A cane toad skeleton (Hell)
  9 swamp drakes
  43 orc warriors
  6 sky beasts
  2 ice beasts
  A black bear (D:11)
  7 eyes of draining
  12 wolves
  3 elf zombies
  5 human zombies
  14 necrophages
  A swamp dragon zombie (Dis:7)
  3 boggarts (Vaults:3)
  A swamp dragon skeleton (Tar:6)
  42 ogres
  A snapping turtle skeleton (Tar:7)
  6 phantoms
  31 centaurs
  An elf simulacrum (Depths:3)
  2 manticore skeletons
  14 crocodiles
  2 big kobolds
  2 lemures (D:5)
  A crocodile (shapeshifter) (Vaults:4)
  A wyvern zombie (D:10)
  8 earth elementals
  A komodo dragon skeleton (Crypt:1)
  14 bullfrogs
  A cane toad simulacrum (Coc:3)
  Dowan (D:5)
  A water moccasin zombie (D:10)
  A wyvern skeleton (D:14)
  A scorpion (D:4)
  A water moccasin skeleton (Crypt:1)
  51 killer bees
  A killer bee (shapeshifter) (Vaults:4)
  56 wights
  3 howler monkeys (D:14)
  6 electric eels
  5 centaur zombies
  5 quasits
  A bullfrog zombie (D:6)
  11 crimson imps
  11 hounds
  2 human simulacra
  15 jellies
  3 bullfrog skeletons
  3 gnoll shamans
  42 orc priests
  37 orc wizards
  6 iguanas
  22 iron imps
  Ijyb (D:3)
  9 worker ants
  A worker ant (shapeshifter) (D:12)
  A killer bee zombie (D:7)
  An ogre zombie (Dis:7)
  A tengu skeleton (Geh:7)
  53 mummies
  23 gnolls
  A howler monkey skeleton (D:7)
  11 adders
  3 river rats (Sewer)
  10 shadow imps
  5 white imps
  4 ufetubi
  An ooze (shapeshifter) (Vaults:4)
  7 oozes
  2 adder zombies
  2 adder skeletons
  5 worms
  4 ball lightnings (Pan)
  2 dart slugs
  8 leopard geckos
  87 orcs
  7 ball pythons
  5 bats
  6 giant cockroaches
  18 goblins
  15 hobgoblins
  2 jackals (shapeshifter) (Vaults:4)
  17 jackals
  4 quokkas
  A dart slug zombie (Crypt:1)
  4 frilled lizards
  25 kobolds
  An orc zombie (Geh:7)
  A quokka skeleton (D:5)
  A quokka zombie (D:6)
  27 rats
  2 blocks of ice (Pan)
  82 briar patches
  10 crawling corpses
  3 lurking horrors
  4 starspawn tentacles
  A tentacle (Coc:2)
5167 creatures vanquished.

Vanquished Creatures (collateral kills)
  Mara (Vaults:2)
  2 shard shrikes (Coc:7)
  A Killer Klown (Zot:5)
  Xtahua (Vaults:4)
  A curse toe (Zot:1)
  A bone dragon (Depths:5)
  A doom hound (Tar:7)
  3 Tzitzimimeh
  A Brimstone Fiend (Pan)
  An Ice Fiend (Coc:7)
  5 Orb Guardians (Zot:5)
  The ghost of PanSaczeczos the Champion of Chaos, an adept DsWn of Makhleb (Vaults:4)
  A lich (Tar:7)
  A titan (Zot:1)
  An acid blob (Slime:4)
  A shadow dragon (Tar:7)
  A sphinx (Zot:1)
  A death cob (Zot:5)
  A tengu reaver (Depths:4)
  3 storm dragons
  Donald (Crypt:1)
  3 azure jellies
  3 frost giants (Coc:7)
  An iron dragon (Vaults:5)
  A deep elf sorcerer (Elf:3)
  An emperor scorpion (Zig:20)
  4 cacodemons
  2 vault wardens (Vaults:5)
  A deep elf elementalist (Elf:3)
  A black draconian (Zot:1)
  3 reapers
  A vampire knight (Depths:4)
  A lorocyproca (Abyss:5)
  A deep elf annihilator (Elf:3)
  A purple draconian (Zot:5)
  2 red draconians (Depths:5)
  A deep elf death mage (Elf:3)
  2 mummy priests (Tomb:1)
  A death ooze (Slime:5)
  3 fire dragons (Depths:5)
  4 blizzard demons
  A yaktaur captain (Depths:4)
  A deep elf high priest (Elf:3)
  A rakshasa (Pan)
  4 vault guards
  A hell beast (Pan)
  An ice dragon (Depths:5)
  A hydra (Lair:4)
  A quicksilver dragon skeleton (Coc:7)
  A monstrous demonspawn (Pan)
  3 two-headed ogres
  A dancing weapon (Elf:2)
  2 death scarabs (Tomb:2)
  2 deep troll shamans
  A tengu warrior (D:15)
  2 thrashing horrors (Abyss:5)
  A vampire mage (Tar:7)
  A storm dragon zombie (Tar:7)
  3 sun demons (Pan)
  A shock serpent (Pan)
  A soul eater (D:13)
  A wretched star (Abyss:5)
  2 sixfirhies (Pan)
  5 skeletal warriors (Coc:7)
  A golden dragon zombie (Tar:7)
  A torturous demonspawn (Pan)
  2 deep trolls (Vaults:4)
  A flayed ghost (Crypt:3)
  An anaconda zombie (Coc:7)
  3 phantasmal warriors
  A gelid demonspawn (Pan)
  An ironbrand convoker (Vaults:2)
  A kraken simulacrum (Coc:7)
  3 shadow demons
  A deep elf archer (Vaults:4)
  2 anaconda skeletons (Coc:7)
  A shadow dragon skeleton (Tar:3)
  A stone giant zombie (Coc:7)
  2 moths of wrath
  2 frost giant zombies (Coc:7)
  5 large abominations
  3 deep elf magi
  A fire giant skeleton (Crypt:3)
  A black mamba (Lair:6)
  An eye of devastation (Slime:5)
  A shock serpent zombie (Coc:7)
  A guardian serpent (Lair:6)
  A smoke demon (Pan)
  3 titan simulacra
  A storm dragon simulacrum (Coc:7)
  A cane toad (Lair:6)
  2 molten gargoyles (Depths:4)
  A komodo dragon (D:12)
  3 orange demons (Pan)
  A tormentor (Tar:7)
  2 yaktaurs (Vaults:2)
  An anaconda simulacrum (Coc:7)
  9 freezing wraiths
  3 guardian mummies (Tomb:1)
  2 hellwings (Pan)
  2 ice devils (Coc:7)
  A red devil (Pan)
  A silent spectre (Tar:3)
  2 hydra zombies (Coc:7)
  25 slime creatures
  3 bog bodies
  A hippogriff (D:12)
  A black mamba zombie (Coc:7)
  A fire dragon skeleton (Tar:7)
  3 flying skulls
  3 water elementals
  A wyvern (Lair:4)
  A ynoxinul (Abyss:5)
  A basilisk (Lair:6)
  2 shadows
  3 chaos spawn
  5 golden eyes
  2 yaks (Lair:4)
  6 neqoxecs
  2 fire elementals (Depths:4)
  A vampire mosquito (Swamp:4)
  A small abomination (Abyss:3)
  A hydra simulacrum (Coc:7)
  A porcupine (shapeshifter) (Vaults:4)
  5 starcursed masses (Abyss:5)
  An ogre (D:13)
  An eye of draining (Slime:5)
  An alligator simulacrum (Coc:7)
  A necrophage (Tar:7)
  A manticore skeleton (Coc:7)
  A scorpion (shapeshifter) (Vaults:4)
  2 crimson imps (Pan)
  An orc priest (Orc:2)
  A worker ant (D:12)
  3 mummies (Tomb:1)
  An adder (D:12)
  3 orcs
  A crawling corpse (Elf:3)
  3 starspawn tentacles (Abyss:5)
268 creatures vanquished.

Vanquished Creatures (others)
  A titan (Pan)
  An eldritch tentacle (Pan)
  A fire giant (Geh:7)
  2 quicksilver dragon skeletons (Geh:7)
  A hell hog (Geh:7)
  A deep elf knight (Zig:25)
  A hell knight (Geh:4)
  2 skeletal warriors (Coc:7)
  2 deep trolls
  A moth of wrath (Zot:5)
  A fire giant skeleton (Coc:7)
  A guardian serpent (Snake:4)
  A smoke demon (Pan)
  A molten gargoyle (Geh:7)
  A cane toad (Swamp:4)
  2 flying skulls (Coc:7)
  2 shadows
  A water elemental (Abyss:2)
  A wraith (Geh:1)
  A fire elemental (Geh:6)
  A fire bat (Abyss:5)
  A golden eye (Abyss:2)
  A chaos spawn (Depths:4)
  2 neqoxecs (Pan)
  A small abomination (Depths:5)
  A necrophage (Tar:7)
  2 wights (Tar:2)
  A mummy (Coc:7)
  A white imp (Coc:7)
  8 ball lightnings (Pan)
  A briar patch (Zig:20)
  2 bushes
  21 fungi
  99 plants
  19 starspawn tentacles
  10 tentacles
  30 withered plants (Crypt:3)
226 creatures vanquished.

Grand Total: 5661 creatures vanquished

Notes
Turn   | Place    | Note
-------+----------+-------------------------------------------
     0 | D:1      | Irenicus the Deep Dwarf Earth Elementalist began the quest
                  | for the Orb.
     0 | D:1      | Reached XP level 1. HP: 15/15 MP: 3/3
   130 | D:1      | Reached XP level 2. HP: 22/22 MP: 0/4
   190 | D:1      | Reached skill level 5 in Earth Magic
   324 | D:1      | Learned a level 2 spell: Passwall
   658 | D:2      | Reached XP level 3. HP: 28/28 MP: 0/5
   727 | D:2      | Reached skill level 6 in Earth Magic
   863 | D:3      | Reached XP level 4. HP: 36/36 MP: 2/6
   988 | D:3      | Found a broken altar of Ashenzari.
   988 | D:3      | Found an iron altar of Okawaru.
  1057 | D:3      | Reached skill level 7 in Earth Magic
  1074 | D:3      | HP: 9/36 [gnoll/+1 whip of holy wrath (2)]
  1082 | D:3      | HP: 7/36 [gnoll/+1 whip of holy wrath (2)]
  1090 | D:3      | HP: 1/36 [worm (6)]
  1165 | D:3      | Noticed Ijyb
  1165 | D:3      | Paralysed by Ijyb for 5 turns
  1179 | D:3      | Paralysed by Ijyb for 7 turns
  1193 | D:3      | Killed Ijyb
  1193 | D:3      | Reached XP level 5. HP: 25/42 MP: 0/7
  1254 | D:3      | Reached skill level 8 in Earth Magic
  1271 | D:3      | Noticed Sigmund
  1282 | D:3      | Killed Sigmund
  1282 | D:3      | Reached skill level 9 in Earth Magic
  1282 | D:3      | Reached XP level 6. HP: 27/49 MP: 1/8
  1296 | D:3      | Learned a level 3 spell: Stone Arrow
  1296 | D:3      | Reached skill level 7 in Spellcasting
  1296 | D:3      | Reached skill level 14 in Earth Magic
  1296 | D:3      | Reached XP level 7. HP: 30/55 MP: 3/18
  1472 | D:3      | Found a glowing silver altar of Zin.
  1517 | D:3      | Found a shimmering altar of Xom.
  1520 | D:3      | Found a snail-covered altar of Cheibriados.
  1564 | D:4      | Found a transporter.
  1601 | D:4      | Found a burning altar of Makhleb.
  1610 | D:4      | Noticed a cacodemon
  1614 | D:4      | Noticed an orange demon
  1614 | D:4      | Noticed a smoke demon
  1616 | D:4      | Became a worshipper of Makhleb the Destroyer
  1755 | D:4      | Found a glowing drain.
  1771 | Sewer    | Entered a sewer
  1839 | Sewer    | Learned a level 5 spell: Lee's Rapid Deconstruction
  1932 | Sewer    | Reached * piety under Makhleb
  2080 | Sewer    | Reached ** piety under Makhleb
  2193 | D:4      | Reached XP level 8. HP: 38/62 MP: 8/19
  2230 | D:4      | early exp pot + early maklheb
  2254 | D:4      | Reached skill level 8 in Spellcasting
  2270 | D:4      | Noticed p0werm0de's ghost (amateur GrFi)
  2283 | D:4      | Found a transporter.
  2316 | D:4      | HP: 15/62 [p0werm0de's ghost (7)]
  2324 | D:4      | HP: 6/62 [p0werm0de's ghost (5)]
  2348 | D:4      | Killed p0werm0de's ghost
  2468 | D:5      | Entered Level 5 of the Dungeon
  2472 | D:5      | Noticed Edmund
  2650 | D:5      | Noticed Pikel
  2666 | D:5      | Killed Pikel
  2666 | D:5      | Reached skill level 15 in Earth Magic
  2666 | D:5      | Gained mutation: You passively map the area around you.
                  | [Deep Dwarf growth]
  2666 | D:5      | Reached XP level 9. HP: 35/68 MP: 5/21
  2676 | D:5      | Noticed Duvessa
  2706 | D:5      | Killed Edmund
  2743 | D:5      | Noticed Dowan
  2829 | D:5      | Reached *** piety under Makhleb
  2903 | D:5      | Found a blossoming altar of Fedhas.
  2903 | D:5      | Found a shadowy altar of Dithmenos.
  2921 | D:5      | Found an opulent altar of Gozag.
  2968 | D:5      | Killed Duvessa
  2970 | D:5      | Killed Dowan
  2970 | D:5      | Reached skill level 1 in Conjurations
  3083 | D:6      | Reached skill level 1 in Shields
  3296 | D:6      | Reached **** piety under Makhleb
  3365 | D:6      | Reached skill level 2 in Shields
  3387 | D:6      | Found a staircase to the Ecumenical Temple.
  3414 | D:6      | Noticed a brown ugly thing
  3425 | D:6      | Killed a brown ugly thing
  3425 | D:6      | Reached skill level 3 in Shields
  3528 | D:7      | Found a flagged portal.
  3540 | Bailey   | Entered a bailey
  3593 | Bailey   | Reached skill level 16 in Earth Magic
  3607 | Bailey   | Found an iron altar of Okawaru.
  3607 | Bailey   | Noticed a kobold demonologist
  3607 | Bailey   | Noticed a kobold demonologist
  3640 | Bailey   | Killed a kobold demonologist
  3640 | Bailey   | Reached skill level 4 in Shields
  3640 | Bailey   | Reached XP level 10. HP: 67/75 MP: 1/22
  3680 | Bailey   | Reached skill level 3 in Dodging
  3739 | Bailey   | Reached skill level 4 in Dodging
  3825 | Bailey   | Noticed an orc knight
  3875 | Bailey   | Irenicus: ?? zot trap
  3875 | Bailey   | beem: zot trap[1/2]: Traps that can cause severe poisoning,
                  | banishment, rot, mutations, and summon powerful
                  | demons...you get the picture. When a monster steps on a zot
                  | trap, you will hear a distant zot if the trap is in the
                  | distance, or a loud zot if the trap is very very close.
  3945 | Bailey   | Reached skill level 5 in Dodging
  3956 | Bailey   | Acquired 949 gold pieces
  4043 | Bailey   | Killed an orc knight
  4257 | D:7      | Reached skill level 6 in Dodging
  4478 | D:7      | Found Besang's General Store.
  4484 | D:7      | Bought a scroll of magic mapping for 56 gold pieces
  4484 | D:7      | Bought 12 stones for 19 gold pieces
  4718 | D:8      | Reached ***** piety under Makhleb
  4883 | D:8      | Found a glowing golden altar of the Shining One.
  5094 | D:9      | Reached skill level 7 in Dodging
  5315 | D:9      | Found a runed translucent gate.
  5315 | D:9      | Found a runed translucent gate.
  5315 | D:9      | Found a runed translucent gate.
  5376 | D:9      | Noticed Lanoc's ghost (novice HOCK)
  5419 | D:10     | Entered Level 10 of the Dungeon
  5620 | D:10     | Found a runed translucent door.
  5640 | D:10     | Reached skill level 8 in Dodging
  5668 | D:10     | Reached XP level 11. HP: 81/81 MP: 1/23
  5688 | D:10     | Noticed Lanoc's ghost (journeyman HaHu)
  5794 | D:10     | Reached skill level 9 in Dodging
  5837 | D:10     | Found a shimmering altar of Xom.
  5837 | D:10     | Found a shimmering altar of Xom.
  5839 | D:10     | Found a shimmering altar of Xom.
  5841 | D:10     | Found a shimmering altar of Xom.
  5960 | D:11     | Found an ancient bone altar of Kikubaaqudgha.
  5972 | D:11     | Noticed a two-headed ogre
  6037 | D:11     | HP: 1/81 [cyclops/large rock (36)]
  6076 | D:11     | HP: 16/81 [centaur/arrow (6)]
  6246 | D:11     | HP: 17/81 [hornet (7)]
  6249 | D:11     | Noticed Nergalle
  6254 | D:11     | Reached skill level 9 in Spellcasting
  6266 | D:10     | HP: 10/81 [wolf (7)]
  6315 | D:11     | Noticed a spectral orc warlord
  6324 | D:11     | Killed Nergalle
  6384 | D:11     | Killed a two-headed ogre
  6573 | D:11     | Noticed a two-headed ogre
  6600 | D:11     | Killed a two-headed ogre
  6600 | D:11     | Reached skill level 10 in Spellcasting
  6625 | D:11     | Noticed a cyan ugly thing
  6739 | D:11     | Killed a cyan ugly thing
  6789 | D:11     | Reached ****** piety under Makhleb
  6790 | D:11     | Found a staircase to the Lair.
  6968 | D:12     | Reached XP level 12. HP: 88/88 MP: 9/26
  6997 | D:11     | Reached skill level 17 in Earth Magic
  7032 | D:12     | Reached skill level 10 in Dodging
  7082 | D:12     | HP: 21/88 [vampire (6)]
  7085 | D:12     | HP: 1/88 [vampire/vampiric draining (13)]
  7090 | D:12     | HP: 8/132 [something (3)]
  7102 | D:12     | Noticed a four-headed hydra
  7107 | D:12     | HP: 32/132 [four-headed hydra (2)]
  7110 | D:12     | Killed a four-headed hydra
  7130 | D:12     | Noticed a four-headed hydra
  7149 | D:12     | HP: 17/88 [four-headed hydra (8)]
  7150 | D:12     | HP: 6/88 [four-headed hydra (11)]
  7150 | D:12     | HP: 1/88 [four-headed hydra (5)]
  7154 | D:12     | Noticed a green very ugly thing
  7156 | D:12     | Noticed a two-headed ogre
  7168 | D:11     | out of stones, hard
  7176 | D:11     | HP: 10/88 [centaur/arrow (10)]
  7238 | Lair:1   | Entered Level 1 of the Lair of Beasts
  7264 | Lair:1   | Reached skill level 11 in Dodging
  7286 | Lair:1   | Noticed a four-headed hydra
  7290 | Lair:1   | HP: 19/88 [four-headed hydra (4)]
  7292 | Lair:1   | HP: 6/88 [four-headed hydra (6)]
  7294 | Lair:1   | Killed a four-headed hydra
  7294 | Lair:1   | Reached skill level 1 in Fighting
  7294 | Lair:1   | Reached skill level 1 in Armour
  7323 | Lair:1   | HP: 10/92 [cane toad (2)]
  7325 | Lair:1   | Reached skill level 2 in Armour
  7346 | Lair:1   | Noticed a four-headed hydra
  7378 | Lair:1   | HP: 15/93 [four-headed hydra (9)]
  7382 | Lair:1   | HP: 1/93 [four-headed hydra (8)]
  7388 | Lair:1   | Killed a four-headed hydra
  7388 | Lair:1   | Reached skill level 2 in Fighting
  7388 | Lair:1   | Reached skill level 3 in Armour
  7590 | Lair:1   | Noticed a four-headed hydra
  7596 | Lair:1   | HP: 23/96 [four-headed hydra (10)]
  7597 | Lair:1   | Killed a four-headed hydra
  7597 | Lair:1   | Reached skill level 3 in Fighting
  7646 | Lair:1   | Reached skill level 4 in Armour
  7710 | Lair:1   | Reached skill level 5 in Armour
  7755 | Lair:1   | Noticed Joseph
  7779 | Lair:1   | Killed Joseph
  7922 | Lair:1   | lack of stone was managed by surplus of might/stab/invi
                  | potions
  7938 | Lair:2   | Reached skill level 6 in Armour
  8023 | Lair:2   | Noticed Sonja
  8348 | Lair:2   | Reached skill level 1 in Evocations
  8350 | Lair:2   | Reached skill level 2 in Evocations
  8413 | Lair:2   | Killed Sonja
  8413 | Lair:2   | Reached skill level 3 in Evocations
  8413 | Lair:2   | Reached XP level 13. HP: 103/103 MP: 8/27
  8435 | Lair:2   | Reached skill level 4 in Evocations
  8473 | Lair:2   | Reached skill level 5 in Evocations
  8682 | Lair:3   | Reached skill level 11 in Spellcasting
  8737 | Lair:3   | Noticed Urug
  8749 | Lair:3   | Killed Urug
  8757 | Lair:3   | Found a staircase to the Swamp.
  9208 | Lair:3   | Reached skill level 12 in Spellcasting
  9440 | Lair:4   | HP: 14/103 [cane toad (14)]
  9527 | Lair:4   | Got a fine scimitar
  9528 | Lair:4   | Identified the +10 scimitar "Iggig" {pain, rF+ MP+9 Int+7
                  | Dex-2} (You found it on level 4 of the Lair of Beasts)
  9583 | Lair:4   | Found a staircase to the Snake Pit.
  9779 | Lair:4   | Reached skill level 13 in Spellcasting
  9925 | Lair:5   | Found a staircase to the Slime Pits.
 10001 | Lair:5   | Gained mutation: You resist negative energy. (rN+) [Deep
                  | Dwarf growth]
 10001 | Lair:5   | Reached XP level 14. HP: 111/111 MP: 21/31
 10112 | Lair:5   | Found an ancient bone altar of Kikubaaqudgha.
 10612 | Lair:6   | Entered Level 6 of the Lair of Beasts
 10777 | Lair:6   | Reached skill level 14 in Spellcasting
 11278 | Lair:6   | Reached skill level 15 in Spellcasting
 11624 | D:12     | Killed a green very ugly thing
 11766 | D:12     | Found a staircase to the Orcish Mines.
 12000 | D:13     | You fall into a shaft and drop 1 floor!
 12047 | D:14     | Found a gate to the Vaults.
 12114 | D:14     | Reached XP level 15. HP: 117/117 MP: 15/34
 12191 | D:14     | Reached skill level 16 in Spellcasting
 12207 | D:14     | Found a flickering gateway to a bazaar.
 12212 | Bazaar   | Entered a bazaar
 12212 | Bazaar   | Found Pecroc's Antique Weapon Shop.
 12224 | Bazaar   | Found Ofunaru's General Store.
 12232 | Bazaar   | Bought 20 stones for 26 gold pieces
 12232 | Bazaar   | Bought 18 stones for 23 gold pieces
 12232 | Bazaar   | Bought a scroll of teleportation for 39 gold pieces
 12244 | Bazaar   | Found Diocoddo's Antique Armour Shop.
 12252 | Bazaar   | Irenicus: ?? robe of night
 12252 | Bazaar   | beem: robe of night[1/1]: the +5 robe of Night {Dark MR+
                  | SInv}. Reduces LOS by 2, partially stacking with
                  | nightstalker and Darkness.
 12252 | Bazaar   | Bought a pair of slimy gloves for 361 gold pieces
 12262 | Bazaar   | Identified the +1 pair of gloves of Ysutem {Dex+4} (You
                  | bought it in a shop in a bazaar)
 12281 | Bazaar   | Bazaar : robe of night
 12362 | D:13     | Found an ancient bone altar of Kikubaaqudgha.
 12814 | D:14     | Noticed Jorgrun
 12817 | D:14     | Paralysed by a floating eye for 3 turns
 12841 | D:14     | Killed Jorgrun
 12843 | D:14     | Uncle5: can i say the n word?
 12843 | D:14     | Uncle5: nigger
 12843 | D:14     | Irenicus: ?
 12851 | D:14     | Uncle5: just testing
 13197 | Orc:1    | Entered Level 1 of the Orcish Mines
 13198 | Orc:1    | Irenicus: ?? riposte
 13198 | Orc:1    | beem: riposte[1/3]: New mechanic in 0.19. Long blades & the
                  | {fencer's gloves} give a 33% chance to retaliate when
                  | enemies miss you, giving you an automatic free attack.
                  | Monsters aren't cool enough to riposte.
 13254 | Orc:1    | Found Zazeathiane's Jewellery Shoppe.
 13265 | Orc:1    | Bought an uncursed amulet of magic regeneration for 450
                  | gold pieces
 13277 | Orc:1    | Noticed Erica
 13402 | Orc:1    | Noticed Harold
 13408 | Orc:1    | Killed Harold
 13510 | Orc:1    | Killed Erica
 13542 | Orc:2    | Entered Level 2 of the Orcish Mines
 13542 | Orc:2    | Found a staircase to the Elven Halls.
 13598 | Orc:2    | Noticed Erolcha
 13607 | Orc:2    | Killed Erolcha
 13756 | Orc:2    | Reached skill level 17 in Spellcasting
 13983 | Orc:2    | Found a runed translucent gate.
 13983 | Orc:2    | Found a runed translucent gate.
 13983 | Orc:2    | Found a runed translucent gate.
 13987 | Orc:2    | Noticed p0werm0de's ghost (journeyman MiFi)
 14018 | Orc:2    | Found Kuwef's Distillery.
 14018 | Orc:2    | Found Apsal's Gadget Emporium.
 14018 | Orc:2    | Found Natrol's Antique Weapon Emporium.
 14021 | Orc:2    | Found Ulaanoep's Armour Shoppe.
 14030 | Orc:2    | Bought a potion of curing for 48 gold pieces
 14030 | Orc:2    | Bought 2 potions of brilliance for 128 gold pieces
 14030 | Orc:2    | Bought a potion of might for 64 gold pieces
 14030 | Orc:2    | Bought 2 potions of curing for 96 gold pieces
 14030 | Orc:2    | Bought a potion of magic for 128 gold pieces
 14032 | Orc:2    | Bought a condenser vane (2/2) for 300 gold pieces
 14032 | Orc:2    | Bought a wand of acid (2) for 180 gold pieces
 14087 | Elf:1    | Entered Level 1 of the Elven Halls
 14333 | Elf:1    | Identified the Reference Book on the Escort
 14439 | Elf:1    | Irenicus: ?? lance of force
 14439 | Elf:1    | beem: I don't have a page labeled lance_of_force in my
                  | learndb.
 14480 | Elf:1    | Got a twisted robe
 14481 | Elf:1    | Identified the +0 robe "Myam" {Int+4 Dex-5 Slay+3} (You
                  | found it on level 1 of the Elven Halls)
 14587 | Elf:1    | Found a large runed translucent door.
 14589 | Elf:1    | Found a large runed translucent door.
 14593 | Elf:1    | Noticed Miatylau's ghost (adept FoFi)
 14617 | Elf:1    | HP: 24/117 [+3 flail of venom (9)]
 14623 | Elf:1    | HP: 15/117 [+3 flail of venom (6)]
 14647 | Elf:2    | HP: 24/117 [deep elf mage/cursed -3 rapier (2)]
 14679 | Elf:2    | Found Laskia's Gadget Boutique.
 14806 | Elf:2    | Reached XP level 16. HP: 64/124 MP: 30/37
 14814 | Elf:2    | Reached skill level 18 in Spellcasting
 14977 | Elf:2    | Reached skill level 18 in Earth Magic
 15005 | Elf:2    | Found Lollet's Magic Scroll Boutique.
 15005 | Elf:2    | Found Jeuwnene's Armour Shop.
 15006 | Elf:2    | Found Jiedurgh's Assorted Antiques.
 15008 | Elf:2    | Found Coasif's Magic Scroll Shop.
 15022 | Elf:2    | Irenicus: ?? warlock mirror
 15022 | Elf:2    | beem: warlock mirror ~ Warlock's Mirror[1/3]: A +3 buckler
                  | of reflection that allows you to reflect piercing effects
                  | and enchantments, among other things. Extra fun with
                  | anything that boosts your SH beyond what the buckler gets
                  | you!
 15022 | Elf:2    | Bought the +3 warlock's mirror {reflect} for 680 gold
                  | pieces
 15022 | Elf:2    | Found the +3 warlock's mirror {reflect}
 15056 | Elf:2    | Found a runed translucent gate.
 15063 | Elf:2    | Found a runed translucent gate.
 15063 | Elf:2    | Found a runed translucent gate.
 15101 | Elf:2    | Noticed a deep elf blademaster
 15111 | Elf:2    | Killed a deep elf blademaster
 15264 | Elf:3    | Entered Level 3 of the Elven Halls
 15300 | Elf:3    | Reached skill level 19 in Earth Magic
 15478 | Elf:3    | elven castle :O
 15651 | Elf:3    | Reached skill level 5 in Shields
 15794 | Elf:3    | Reached skill level 6 in Shields
 15881 | Elf:3    | Noticed a deep elf blademaster
 15903 | Elf:3    | Killed a deep elf blademaster
 15903 | Elf:3    | Reached skill level 7 in Shields
 15978 | Elf:3    | Reached skill level 20 in Earth Magic
 15990 | Elf:3    | Reached skill level 4 in Fighting
 16005 | Elf:3    | Reached XP level 17. HP: 133/133 MP: 3/39
 16009 | Elf:3    | Noticed a deep elf blademaster
 16014 | Elf:3    | Noticed a deep elf master archer
 16262 | Elf:3    | Killed a deep elf blademaster
 16262 | Elf:3    | Reached skill level 12 in Dodging
 16278 | Elf:3    | Noticed a deep elf master archer
 16280 | Elf:3    | Killed a deep elf master archer
 16395 | Elf:3    | Identified the +3 leather armour of a treasure trove {rPois
                  | Str-3 Int+7}
 16407 | Elf:3    | Identified the +5 spear "Jaroq" {vamp, *Rage +Blink MR+
                  | Dex+8}
 16407 | Elf:3    | Identified the ring "Ussio" {+Fly Int+2}
 16410 | Elf:3    | Identified the cursed +1 hand axe "Tato" {vorpal, *Noise
                  | +Fly rElec}
 16413 | Elf:3    | Reached skill level 21 in Earth Magic
 16416 | Elf:3    | Identified the +8 spear of the Open Hand {venom, MP+9
                  | Int+4}
 16425 | Elf:3    | Noticed a deep elf master archer
 16436 | Elf:3    | Killed a deep elf master archer
 16459 | Elf:3    | Reached skill level 13 in Dodging
 16482 | Elf:3    | Got a pair of smoking gloves
 16493 | Elf:3    | Identified the +2 pair of gloves of Hopscotch {Rampage
                  | rCorr Dex+9} (You found it on level 3 of the Elven Halls)
 16640 | Elf:3    | Learned a level 9 spell: Shatter
 16695 | Elf:3    | Identified the Papyrus of the Rocks
 16709 | Elf:3    | Identified a +1 pair of boots of running (You found it on
                  | level 3 of the Elven Halls)
 17226 | Elf:2    | Bought a scroll of teleportation for 48 gold pieces
 17226 | Elf:2    | Bought a scroll of enchant armour for 120 gold pieces
 17230 | Elf:2    | Bought a scroll of enchant armour for 135 gold pieces
 17230 | Elf:2    | Bought a scroll of enchant armour for 135 gold pieces
 17331 | Orc:2    | Killed p0werm0de's ghost
 17498 | Swamp:1  | Entered Level 1 of the Swamp
 17550 | Swamp:1  | Reached skill level 14 in Dodging
 17681 | Swamp:2  | Reached skill level 22 in Earth Magic
 17718 | Swamp:2  | Identified the +2 tower shield "Zuragre" {Harm +Fly Slay-2}
                  | (You found it on level 2 of the Swamp)
 17724 | Swamp:2  | Gained mutation: You passively map a large area around you.
                  | [Deep Dwarf growth]
 17724 | Swamp:2  | Reached XP level 18. HP: 119/141 MP: 24/40
 17825 | Swamp:4  | Entered Level 4 of the Swamp
 17834 | Swamp:4  | Reached skill level 23 in Earth Magic
 17896 | Swamp:4  | Got a decaying rune of Zot
 17983 | Swamp:4  | Reached skill level 6 in Evocations
 18057 | Swamp:3  | Found an opulent altar of Gozag.
 18235 | Swamp:1  | Reached skill level 7 in Evocations
 18313 | Swamp:1  | Identified the +0 scale mail of Dungah {rC- rN+ Str+4
                  | Int+2} (You found it on level 1 of the Swamp)
 18477 | Snake:1  | Entered Level 1 of the Snake Pit
 18577 | Snake:2  | Reached skill level 24 in Earth Magic
 18623 | Snake:3  | Reached skill level 8 in Evocations
 18642 | Snake:3  | Noticed Aizul
 18650 | Snake:3  | Reached skill level 9 in Evocations
 18658 | Snake:3  | Killed Aizul
 18865 | Snake:4  | Entered Level 4 of the Snake Pit
 18869 | Snake:4  | Reached skill level 10 in Evocations
 18869 | Snake:4  | Reached XP level 19. HP: 147/147 MP: 34/41
 18931 | Snake:4  | Reached skill level 11 in Evocations
 18995 | Snake:4  | Reached skill level 25 in Earth Magic
 18998 | Snake:4  | Identified the +5 ring mail of Distant Worlds {rF+ rN+
                  | Str-5 Dex+4} (You found it on level 4 of the Snake Pit)
 19005 | Snake:4  | Reached skill level 12 in Evocations
 19243 | Snake:4  | Got a serpentine rune of Zot
 19594 | Snake:1  | Identified the +1 robe "Kewul" {Slay+6} (You found it on
                  | level 1 of the Snake Pit)
 19784 | Snake:1  | Reached skill level 13 in Evocations
 19898 | Slime:1  | Entered Level 1 of the Pits of Slime
 20001 | Slime:1  | Reached skill level 14 in Evocations
 20060 | Slime:2  | Reached skill level 26 in Earth Magic
 20123 | Slime:1  | Reached XP level 20. HP: 154/154 MP: 7/42
 20326 | Slime:5  | Entered Level 5 of the Pits of Slime
 20372 | Slime:5  | Reached skill level 27 in Earth Magic
 20394 | Slime:5  | Noticed the Royal Jelly
 20408 | Slime:5  | Killed the Royal Jelly
 20408 | Slime:5  | Reached skill level 15 in Dodging
 20460 | Slime:5  | Got a slimy rune of Zot
 20462 | Slime:5  | Identified the amulet "Kumm" {RegenMP rN+ Int-2 Stlth+}
                  | (You found it on level 5 of the Pits of Slime)
 20503 | Slime:5  | Got a faintly glowing turquoise ring
 20505 | Slime:5  | Identified the ring of Vomme {Int+2 Dex+6} (You found it on
                  | level 5 of the Pits of Slime)
 20508 | Slime:5  | Identified the amulet "Faenoaz" {Spirit rF+ Str+4 Int-2}
                  | (You found it on level 5 of the Pits of Slime)
 20545 | Slime:5  | Got a fine falchion
 20546 | Slime:5  | Identified the cursed +0 falchion "Yrheec" {drain, MR+
                  | Str+4 Int+5} (You found it on level 5 of the Pits of Slime)
 20566 | Slime:5  | Got a smoking granite ring
 20568 | Slime:5  | Identified the ring of Res Nullius {+Blink rN+ Int+5} (You
                  | found it on level 5 of the Pits of Slime)
 20584 | Slime:5  | still no apportation / bjorn
 21041 | D:15     | Entered Level 15 of the Dungeon
 21074 | D:15     | Reached skill level 16 in Dodging
 21221 | D:15     | Found a staircase to the Depths.
 21302 | D:15     | Found a hide-covered altar of Uskayaw.
 21340 | Depths:1 | Entered Level 1 of the Depths
 21442 | Depths:1 | Identified the Disquisition on Enchantment
 21450 | Depths:1 | Found a one-way gate to the infinite horrors of the Abyss.
 21465 | Depths:1 | Identified the +1 scale mail "Gepoetoss" {Str+5} (You found
                  | it on level 1 of the Depths)
 21469 | Depths:1 | Identified the cursed -6 pair of gloves of Hairiness {rN++
                  | rCorr Dex-4 Stlth+} (You found it on level 1 of the Depths)
 21483 | Depths:1 | Reached skill level 17 in Dodging
 21557 | Depths:1 | Found a gateway to Hell.
 21823 | Depths:1 | Reached XP level 21. HP: 162/162 MP: 24/43
 22041 | Vaults:1 | Entered Level 1 of the Vaults
 22190 | Vaults:1 | Reached skill level 18 in Dodging
 22277 | Vaults:2 | Noticed Mara
 22286 | Vaults:2 | Noticed Irenicus's illusion
 22299 | Vaults:2 | Killed Mara
 22365 | Vaults:1 | Reached skill level 19 in Dodging
 22374 | Vaults:1 | Found a runed translucent gate.
 22374 | Vaults:1 | Found a runed translucent gate.
 22375 | Vaults:1 | Noticed Isedumueph's ghost (veteran HuFi)
 22376 | Vaults:1 | Found a runed translucent gate.
 22515 | Vaults:2 | Found Nij Dira's Gadget Boutique.
 22525 | Vaults:2 | Bought a wand of acid (4) for 288 gold pieces
 22525 | Vaults:2 | Bought a wand of iceblast (5) for 162 gold pieces
 22539 | Vaults:2 | Reached skill level 3 in Stealth
 22544 | Vaults:2 | Reached skill level 4 in Stealth
 22582 | Vaults:2 | Found Madamec's Assorted Antiques.
 22590 | Vaults:2 | Bought a scroll labeled XUUCOAGGA KAER for 38 gold pieces
 22642 | Vaults:3 | Reached skill level 5 in Stealth
 22653 | Vaults:3 | Reached skill level 20 in Dodging
 22653 | Vaults:3 | Reached skill level 6 in Stealth
 22727 | Vaults:3 | Reached skill level 7 in Stealth
 22764 | Vaults:3 | Found a staircase to the Crypt.
 22764 | Vaults:3 | Found an ancient bone altar of Kikubaaqudgha.
 22765 | Vaults:3 | Found a basalt altar of Yredelemnul.
 22923 | Vaults:4 | Reached skill level 8 in Stealth
 22947 | Vaults:4 | Reached XP level 22. HP: 169/169 MP: 18/44
 22947 | Vaults:4 | Reached skill level 9 in Stealth
 22988 | Vaults:4 | Reached skill level 5 in Fighting
 23088 | Vaults:4 | Found a runed translucent gate.
 23088 | Vaults:4 | Found a runed translucent gate.
 23088 | Vaults:4 | Found a runed translucent gate.
 23097 | Vaults:4 | Reached skill level 6 in Fighting
 23097 | Vaults:4 | Reached skill level 21 in Dodging
 23101 | Vaults:4 | Found a runed translucent gate.
 23101 | Vaults:4 | Found a runed translucent gate.
 23101 | Vaults:4 | Found a runed translucent gate.
 23114 | Vaults:4 | Reached skill level 7 in Fighting
 23124 | Vaults:4 | Noticed PanSaczeczos's ghost (adept DsWn)
 23146 | Vaults:4 | Gained mutation: You are clumsy. (Dex -2) [a cacodemon]
 23182 | Vaults:4 | Reached skill level 8 in Fighting
 23194 | Vaults:4 | Got a pair of distressingly furry gloves
 23211 | Vaults:4 | Lost mutation: You are clumsy. (Dex -2) [potion of
                  | mutation]
 23211 | Vaults:4 | Gained mutation: Your flesh is heat resistant. (rF+)
                  | [potion of mutation]
 23211 | Vaults:4 | Gained mutation: You are clumsy. (Dex -2) [potion of
                  | mutation]
 23211 | Vaults:4 | Gained mutation: You are robust. (+10% HP) [potion of
                  | mutation]
 23375 | Vaults:3 | Found a runed translucent gate.
 23376 | Vaults:3 | Found a runed translucent gate.
 23376 | Vaults:3 | Found a runed translucent gate.
 23378 | Vaults:3 | Noticed Utwej's ghost (adept GnVM)
 23392 | Vaults:3 | Killed Utwej's ghost
 23392 | Vaults:3 | Reached skill level 9 in Fighting
 23397 | Vaults:3 | Identified the +0 pair of gloves "Vudib" {Int+3 Stlth+}
                  | (You found it on level 3 of the Vaults)
 23398 | Vaults:3 | Identified the +1 pair of gloves "Peedeh" {Dex+7} (You
                  | found it on level 4 of the Vaults)
 23401 | Vaults:3 | Got a bound iron ring
 23403 | Vaults:3 | Identified the ring of Lugonu's Reproof {rElec rF+ EV+4}
                  | (You found it on level 3 of the Vaults)
 23560 | Vaults:4 | Killed PanSaczeczos's ghost
 23647 | Vaults:5 | Entered Level 5 of the Vaults
 23649 | Vaults:5 | Reached skill level 15 in Evocations
 23653 | Vaults:5 | Reached skill level 16 in Evocations
 23669 | Vaults:5 | Reached XP level 23. HP: 213/213 MP: 27/45
 23673 | Vaults:5 | Reached skill level 17 in Evocations
 23681 | Vaults:5 | Noticed an ancient lich
 23685 | Vaults:5 | Reached skill level 18 in Evocations
 23687 | Vaults:5 | Killed an ancient lich
 23695 | Vaults:5 | Reached skill level 19 in Evocations
 23747 | Vaults:4 | Noticed Xtahua
 23755 | Vaults:4 | Killed Xtahua
 23830 | Vaults:5 | Noticed Jory
 23835 | Vaults:5 | Noticed an ancient lich
 23836 | Vaults:5 | Reached skill level 20 in Evocations
 23840 | Vaults:5 | Killed Jory
 23840 | Vaults:5 | Killed an ancient lich
 23840 | Vaults:5 | Reached skill level 21 in Evocations
 23859 | Vaults:5 | Got a silver rune of Zot
 23880 | Vaults:5 | Acquired 1167 gold pieces
 23972 | Vaults:5 | Identified the Almanac of Summoning and Battle Magic
 24059 | Vaults:5 | Identified the cursed +1 rapier of Gesosy {vorpal, Int+2
                  | Dex+3} (You found it on level 5 of the Vaults)
 24084 | Vaults:5 | Identified the amulet "Usoewad" {Acrobat rF+ Str-5 Stlth+}
                  | (You found it on level 5 of the Vaults)
 24177 | Vaults:5 | Identified the cursed +0 hand axe of Ojais {freeze, Int-3
                  | Dex+5 SInv}
 24183 | Vaults:5 | Reached skill level 22 in Evocations
 24253 | Vaults:5 | Reached XP level 24. HP: 222/222 MP: 3/45
 24261 | Vaults:5 | Got a pair of distressingly furry boots
 24343 | Vaults:5 | Identified the Almanac of Congealing Weightlessness
 24348 | Vaults:5 | Learned a level 2 spell: Sublimation of Blood
 24354 | Vaults:5 | Identified Cikhliqot's Almanac of Ashen Summoning
 24363 | Vaults:5 | Learned a level 6 spell: Statue Form
 24363 | Vaults:5 | Identified the Volume of Calling and Bewitchment
 24365 | Vaults:5 | Identified the Compendium of Displacement and the Glacier
 24387 | Vaults:5 | Identified the Papyrus of Earth and Moulding
 24395 | Vaults:5 | Learned a level 5 spell: Borgnjor's Vile Clutch
 24412 | Vaults:5 | Identified the cursed +0 pair of boots of Lugonu's Esteem
                  | {rElec Str-2 Dex+4} (You found it on level 5 of the Vaults)
 24689 | Vaults:3 | Reached skill level 1 in Necromancy
 24774 | Crypt:1  | Entered Level 1 of the Crypt
 24803 | Crypt:1  | Reached skill level 2 in Necromancy
 24825 | Crypt:1  | Reached skill level 3 in Necromancy
 24825 | Crypt:1  | Found a transporter.
 24832 | Crypt:1  | Reached skill level 4 in Necromancy
 24833 | Crypt:1  | Noticed Docw's ghost (legendary DETm)
 24840 | Crypt:1  | Reached skill level 5 in Necromancy
 24842 | Crypt:1  | Reached skill level 6 in Necromancy
 24851 | Crypt:1  | Killed Docw's ghost
 24852 | Crypt:1  | Identified the Handbook of Dark Magic and the Birds
 24882 | Crypt:1  | Noticed Donald
 24883 | Crypt:1  | Reached skill level 7 in Necromancy
 24892 | Crypt:1  | Killed Donald
 25026 | Crypt:2  | Reached skill level 8 in Necromancy
 25057 | Crypt:3  | Entered Level 3 of the Crypt
 25116 | Crypt:3  | Reached skill level 9 in Necromancy
 25197 | Crypt:3  | Noticed an ancient lich
 25200 | Crypt:3  | Killed an ancient lich
 25200 | Crypt:3  | Reached skill level 10 in Necromancy
 25205 | Crypt:3  | Found an ancient bone altar of Kikubaaqudgha.
 25338 | Crypt:3  | Found a staircase to the Tomb.
 25341 | Crypt:3  | Reached skill level 11 in Necromancy
 25413 | Crypt:3  | Found the +7 sceptre of Torment {pain, torment}
 25543 | Crypt:3  | Reached skill level 12 in Necromancy
 25689 | Tomb:1   | Entered Level 1 of the Tomb of the Ancients
 25795 | Tomb:1   | Reached skill level 10 in Stealth
 25884 | Tomb:1   | Identified the +2 ring mail of Weak Awe {rN+ Dex-3 SInv}
                  | (You found it on level 1 of the Tomb of the Ancients)
 25927 | Tomb:1   | Noticed a greater mummy
 25927 | Tomb:1   | Noticed a greater mummy
 25927 | Tomb:1   | Noticed a greater mummy
 25933 | Tomb:1   | Killed a greater mummy
 25935 | Tomb:1   | Killed a greater mummy
 25935 | Tomb:1   | Reached skill level 13 in Necromancy
 25935 | Tomb:1   | Killed a greater mummy
 25935 | Tomb:1   | Reached skill level 11 in Stealth
 25937 | Tomb:1   | Noticed a greater mummy
 25944 | Tomb:1   | Killed a greater mummy
 25948 | Tomb:1   | Noticed a greater mummy
 25948 | Tomb:1   | Noticed a greater mummy
 25951 | Tomb:1   | Killed a greater mummy
 25951 | Tomb:1   | Reached XP level 25. HP: 186/231 MP: 6/45
 25957 | Tomb:1   | Killed a greater mummy
 25957 | Tomb:1   | Noticed a greater mummy
 25962 | Tomb:1   | Killed a greater mummy
 25962 | Tomb:1   | Reached skill level 12 in Stealth
 25996 | Tomb:1   | Noticed a greater mummy
 25997 | Tomb:1   | Noticed a greater mummy
 26006 | Tomb:1   | Killed a greater mummy
 26006 | Tomb:1   | Killed a greater mummy
 26006 | Tomb:1   | Reached skill level 14 in Necromancy
 26023 | Tomb:1   | Irenicus: ?? bug
 26023 | Tomb:1   | beem: mantis[1/2]: To report bugs or submit new content
                  | like vaults, patches or tiles, go to:
                  | http://crawl.develz.org/mantis/main_page.php
 26061 | Tomb:1   | Reached skill level 13 in Stealth
 26077 | Tomb:1   | Noticed a greater mummy
 26077 | Tomb:1   | Noticed an ancient lich
 26092 | Tomb:1   | Killed a greater mummy
 26092 | Tomb:1   | Killed an ancient lich
 26092 | Tomb:1   | Reached skill level 14 in Stealth
 26092 | Tomb:1   | Noticed a greater mummy
 26093 | Tomb:1   | Noticed a greater mummy
 26096 | Tomb:1   | Reached skill level 15 in Necromancy
 26096 | Tomb:1   | Killed a greater mummy
 26096 | Tomb:1   | Killed a greater mummy
 26108 | Tomb:1   | HP: 56/231 [something (7)]
 26266 | Tomb:1   | Noticed a greater mummy
 26267 | Tomb:1   | HP: 57/231 [greater mummy/divine providence (7)]
 26272 | Tomb:1   | Noticed a greater mummy
 26272 | Tomb:1   | Noticed a greater mummy
 26273 | Tomb:1   | Killed a greater mummy
 26277 | Tomb:1   | Killed a greater mummy
 26277 | Tomb:1   | Reached skill level 15 in Stealth
 26278 | Tomb:1   | Killed a greater mummy
 26342 | Tomb:2   | Reached skill level 16 in Necromancy
 26342 | Tomb:2   | Noticed a greater mummy
 26349 | Tomb:2   | Killed a greater mummy
 26352 | Tomb:2   | Noticed a greater mummy
 26357 | Tomb:2   | Noticed a greater mummy
 26359 | Tomb:2   | Killed a greater mummy
 26359 | Tomb:2   | Reached skill level 17 in Necromancy
 26365 | Tomb:2   | Noticed a greater mummy
 26367 | Tomb:2   | Killed a greater mummy
 26373 | Tomb:2   | Killed a greater mummy
 26384 | Tomb:2   | Noticed a greater mummy
 26389 | Tomb:2   | Reached XP level 26. HP: 130/238 MP: 3/45
 26389 | Tomb:2   | Reached skill level 18 in Necromancy
 26392 | Tomb:2   | Killed a greater mummy
 26614 | Tomb:3   | Entered Level 3 of the Tomb of the Ancients
 26622 | Tomb:3   | Reached skill level 19 in Necromancy
 26629 | Tomb:3   | Noticed a greater mummy
 26630 | Tomb:3   | Noticed a greater mummy
 26631 | Tomb:3   | Noticed a greater mummy
 26634 | Tomb:3   | Killed a greater mummy
 26636 | Tomb:3   | Killed a greater mummy
 26636 | Tomb:3   | Noticed a greater mummy
 26637 | Tomb:3   | Noticed a greater mummy
 26637 | Tomb:3   | Noticed Khufu
 26638 | Tomb:3   | Killed a greater mummy
 26638 | Tomb:3   | Reached skill level 20 in Necromancy
 26639 | Tomb:3   | Noticed an ancient lich
 26639 | Tomb:3   | Noticed a greater mummy
 26640 | Tomb:3   | Killed a greater mummy
 26640 | Tomb:3   | Noticed a greater mummy
 26641 | Tomb:3   | Killed a greater mummy
 26642 | Tomb:3   | Killed Khufu
 26643 | Tomb:3   | Killed a greater mummy
 26643 | Tomb:3   | Reached skill level 21 in Necromancy
 26644 | Tomb:3   | Killed a greater mummy
 26647 | Tomb:3   | Killed an ancient lich
 26656 | Tomb:3   | Found the ring of the Octopus King
 26656 | Tomb:3   | Identified Ziridghoro's Grimoire of Companions and Moulding
 26660 | Tomb:3   | Identified the cursed quicksilver dragon scales "Uneukkaa"
                  | {MR+ Str+6} (You found it on level 3 of the Tomb of the
                  | Ancients)
 26668 | Tomb:3   | Got a brightly glowing scimitar
 26669 | Tomb:3   | Identified the +4 scimitar of the End of Times {elec,
                  | Str+4} (You found it on level 3 of the Tomb of the
                  | Ancients)
 26677 | Tomb:3   | at last !
 26677 | Tomb:3   | apportation, the last spell I got
 26679 | Tomb:3   | Learned a level 1 spell: Apportation
 26679 | Tomb:3   | Identified the Disquisition on Shifting Snow
 26680 | Tomb:3   | Identified the Papyrus of Hexes and Toxins
 26689 | Tomb:3   | Identified the +5 ring mail "Fyiceg" {rF+ Stlth+} (You
                  | found it on level 3 of the Tomb of the Ancients)
 26694 | Tomb:3   | Got a ring of the Octopus King
 26694 | Tomb:3   | Got a scintillating steel ring
 26696 | Tomb:3   | Identified the ring "Jotu Fiw" {rPois MP+9 Str+6} (You
                  | found it on level 3 of the Tomb of the Ancients)
 26699 | Tomb:3   | Identified a ring of the Octopus King {AC+1 EV+1 Str+1
                  | Int+1 Dex+1 SInv} (You found it on level 3 of the Tomb of
                  | the Ancients)
 26730 | Tomb:3   | Got a scorched war axe
 26731 | Tomb:3   | Identified the +3 war axe of Irrepressible Laughter {venom,
                  | rF++} (You found it on level 3 of the Tomb of the Ancients)
 26761 | Tomb:3   | Got a golden rune of Zot
 26971 | Crypt:2  | Noticed Margery
 26980 | Crypt:2  | Killed Margery
 27012 | Crypt:1  | Found a transporter.
 27124 | Vaults:2 | Learned a level 4 spell: Passage of Golubria
 27157 | Vaults:2 | Reached skill level 1 in Translocations
 27170 | Vaults:1 | Reached skill level 22 in Necromancy
 27183 | Vaults:1 | Reached skill level 2 in Translocations
 27207 | Vaults:1 | Reached skill level 3 in Translocations
 27715 | Depths:2 | Found a gateway to a ziggurat.
 27726 | Depths:2 | Noticed Nikola
 27727 | Depths:2 | Reached skill level 4 in Translocations
 27730 | Depths:2 | Killed Nikola
 27730 | Depths:2 | Reached XP level 27. HP: 246/246 MP: 30/45
 27746 | Depths:2 | Reached skill level 5 in Translocations
 27746 | Depths:2 | Found a flickering gateway to a bazaar.
 27758 | Bazaar   | Entered a bazaar
 27772 | Bazaar   | Found Jiheajac's Weapon Shoppe.
 27772 | Bazaar   | Found Wipoiri's Book Emporium.
 27782 | Bazaar   | Bought a book of Death for 630 gold pieces
 27793 | Bazaar   | Found Haydweud's Jewellery Emporium.
 27797 | Bazaar   | Bought the ring "Eblesm" {+Inv rC+ Str-2 SInv} for 477 gold
                  | pieces
 27814 | Bazaar   | Found Tan Dotae's Magic Scroll Shoppe.
 27814 | Bazaar   | Found Ozaenix's Gadget Emporium.
 27929 | Zig:1    | Entered Level 1 of a ziggurat
 27939 | Zig:2    | Entered Level 2 of a ziggurat
 27944 | Zig:2    | Reached skill level 6 in Translocations
 27951 | Zig:3    | Entered Level 3 of a ziggurat
 27963 | Zig:4    | Entered Level 4 of a ziggurat
 27976 | Zig:4    | Identified the +1 scale mail of Trumpets {-Tele rElec Str+3
                  | Int+5} (You found it on level 4 of a ziggurat)
 27978 | Zig:5    | Entered Level 5 of a ziggurat
 27995 | Zig:6    | Entered Level 6 of a ziggurat
 28012 | Zig:7    | Entered Level 7 of a ziggurat
 28033 | Zig:8    | Entered Level 8 of a ziggurat
 28046 | Zig:8    | Identified Juen's Handbook of Fire and Shape Shifting
 28054 | Zig:8    | Identified the amulet "Uschufoth" {Reflect +Blink MP+9
                  | Int+7 SH+5} (You found it on level 8 of a ziggurat)
 28055 | Zig:8    | Identified the ring of Gaemmus {*Slow rCorr Int+2 Dex+5}
                  | (You found it on level 8 of a ziggurat)
 28056 | Zig:8    | Identified the ring of Ypapoac {Ice rElec Str-4 Dex+7 SInv}
                  | (You found it on level 8 of a ziggurat)
 28058 | Zig:8    | Reached skill level 22 in Dodging
 28076 | Zig:9    | Entered Level 9 of a ziggurat
 28081 | Zig:9    | Noticed a greater mummy
 28087 | Zig:9    | Killed a greater mummy
 28093 | Zig:9    | Got a transparent pewter ring
 28095 | Zig:9    | Identified the ring "Akugol" {Fire rElec Int-5 Dex+8
                  | Stlth+} (You found it on level 9 of a ziggurat)
 28121 | Zig:10   | Entered Level 10 of a ziggurat
 28126 | Zig:10   | Found the +2 hood of the Assassin {Detection Stab+ Stlth++}
 28126 | Zig:10   | Noticed a juggernaut
 28130 | Zig:10   | Killed a juggernaut
 28130 | Zig:10   | Reached skill level 23 in Dodging
 28132 | Zig:10   | Irenicus: ?? hood of the assassin
 28132 | Zig:10   | beem: hood of the assassin[1/1]: +2 hat which boosts
                  | stealth by two pips, grants monster detection, and lets you
                  | stab with any weapon (or your fists) as if it were a short
                  | blade.
 28133 | Zig:10   | Identified the Reference Book on Ghastly Heat
 28166 | Zig:11   | Entered Level 11 of a ziggurat
 28183 | Zig:11   | Identified the Collected Works on Displaced Poison
 28200 | Zig:12   | Entered Level 12 of a ziggurat
 28212 | Zig:12   | Identified the +1 ring mail "Karoosky" {Int+2} (You found
                  | it on level 12 of a ziggurat)
 28214 | Zig:12   | Identified the +2 chain mail of Summertime {rN+ Dex+6
                  | Slay+2} (You found it on level 12 of a ziggurat)
 28226 | Zig:13   | Entered Level 13 of a ziggurat
 28235 | Zig:13   | Reached skill level 24 in Dodging
 28251 | Zig:13   | Identified the amulet of Nuess {Inacc rElec MR+ Int-4} (You
                  | found it on level 13 of a ziggurat)
 28252 | Zig:13   | Got a brightly glowing steel ring
 28256 | Zig:13   | Identified the ring "Umemaor" {Ice +Inv rElec Str-4 Dex+3}
                  | (You found it on level 13 of a ziggurat)
 28268 | Zig:14   | Entered Level 14 of a ziggurat
 28278 | Zig:14   | Reached skill level 25 in Dodging
 28316 | Zig:14   | Acquired the +2 pair of boots of Masochism {Int+7}
 28317 | Zig:14   | Acquired 1132 gold pieces
 28331 | Zig:15   | Entered Level 15 of a ziggurat
 28357 | Zig:15   | Identified the Compendium of the Earthen Blaze
 28358 | Zig:15   | Identified the Catalogue of Quantum Arcane Weapons
 28360 | Zig:15   | Identified the cursed +0 chain mail of the Forest {rC+}
                  | (You found it on level 15 of a ziggurat)
 28367 | Zig:16   | Entered Level 16 of a ziggurat
 28377 | Zig:16   | Found the brooch of Shielding {Spirit SH+8}
 28393 | Zig:16   | Got a transparent quick blade
 28394 | Zig:16   | Identified the +10 quick blade "Igiopoab" {freeze, Int+2}
                  | (You found it on level 16 of a ziggurat)
 28399 | Zig:17   | Entered Level 17 of a ziggurat
 28407 | Zig:17   | Reached skill level 26 in Dodging
 28428 | Zig:17   | Learned a level 4 spell: Dispel Undead
 28438 | Zig:17   | Identified the Collected Works on Gliding Changing
 28444 | Zig:17   | Got a shimmering golden ring
 28445 | Zig:17   | Identified the ring of Lostuewo {Fire +Fly Str+6 Dex-4
                  | SInv} (You found it on level 17 of a ziggurat)
 28465 | Zig:18   | Entered Level 18 of a ziggurat
 28476 | Zig:18   | Reached skill level 27 in Dodging
 28493 | Zig:19   | Entered Level 19 of a ziggurat
 28504 | Zig:19   | Reached skill level 16 in Stealth
 28507 | Zig:19   | Reached skill level 17 in Stealth
 28548 | Zig:19   | Got a transparent jade ring
 28550 | Zig:19   | Identified the ring "Trusted Companion" {+Fly rPois rF++
                  | rC+ Str+3} (You found it on level 19 of a ziggurat)
 28556 | Zig:20   | Entered Level 20 of a ziggurat
 28569 | Zig:20   | Reached skill level 18 in Stealth
 28570 | Zig:20   | Reached skill level 19 in Stealth
 28605 | Zig:20   | Identified the +1 troll leather armour of Focus {MR+ Regen+
                  | Dex+2, regen} (You found it on level 20 of a ziggurat)
 28610 | Zig:20   | Reached skill level 20 in Stealth
 28611 | Zig:20   | Identified the +0 helmet of Space {rElec rN+ Int-2 SInv}
                  | (You found it on level 20 of a ziggurat)
 28630 | Zig:21   | Entered Level 21 of a ziggurat
 28638 | Zig:21   | Noticed Sicimp the pandemonium lord
 28640 | Zig:21   | Found the ring of the Octopus King
 28640 | Zig:21   | HP: 66/319 [reaper/+1 scythe of freezing (25)]
 28642 | Zig:21   | Reached skill level 21 in Stealth
 28643 | Zig:21   | Killed Sicimp the pandemonium lord
 28643 | Zig:21   | Reached skill level 22 in Stealth
 28662 | Zig:21   | Got a ring of the Octopus King
 28664 | Zig:21   | Identified a ring of the Octopus King {AC+1 EV+1 Str+1
                  | Int+1 Dex+1 Stlth+} (You found it on level 21 of a
                  | ziggurat)
 28675 | Zig:22   | Entered Level 22 of a ziggurat
 28694 | Zig:22   | Reached skill level 1 in Long Blades
 28694 | Zig:22   | Reached skill level 2 in Long Blades
 28694 | Zig:22   | Reached skill level 3 in Long Blades
 28694 | Zig:22   | Reached skill level 4 in Long Blades
 28694 | Zig:22   | Reached skill level 5 in Long Blades
 28694 | Zig:22   | Reached skill level 6 in Long Blades
 28694 | Zig:22   | Reached skill level 7 in Long Blades
 28694 | Zig:22   | Reached skill level 8 in Long Blades
 28701 | Zig:22   | Reached skill level 9 in Long Blades
 28701 | Zig:22   | Reached skill level 10 in Long Blades
 28701 | Zig:22   | Reached skill level 11 in Long Blades
 28701 | Zig:22   | Reached skill level 12 in Long Blades
 28703 | Zig:22   | Reached skill level 13 in Long Blades
 28719 | Zig:22   | Identified the cursed +1 plate armour "Paripheab" {Slay+3}
                  | (You found it on level 22 of a ziggurat)
 28720 | Zig:22   | Got a shimmering cloak
 28741 | Zig:22   | Identified the +2 cloak of Xumeff {-Cast rPois Int+4} (You
                  | found it on level 22 of a ziggurat)
 28752 | Zig:22   | Got a faintly glowing turquoise ring
 28754 | Zig:22   | Identified the ring of Scepticism {Wiz rElec rN+ Dex+3}
                  | (You found it on level 22 of a ziggurat)
 28763 | Zig:23   | Entered Level 23 of a ziggurat
 28773 | Zig:23   | Noticed an ancient lich
 28773 | Zig:23   | Noticed an ancient lich
 28773 | Zig:23   | Noticed an ancient lich
 28773 | Zig:23   | Noticed an ancient lich
 28774 | Zig:23   | Noticed an ancient lich
 28774 | Zig:23   | Noticed an ancient lich
 28775 | Zig:23   | Killed an ancient lich
 28775 | Zig:23   | Reached skill level 8 in Armour
 28775 | Zig:23   | Killed an ancient lich
 28775 | Zig:23   | Reached skill level 9 in Armour
 28775 | Zig:23   | Reached skill level 10 in Armour
 28775 | Zig:23   | Killed an ancient lich
 28775 | Zig:23   | Reached skill level 11 in Armour
 28777 | Zig:23   | Reached skill level 12 in Armour
 28777 | Zig:23   | Killed an ancient lich
 28777 | Zig:23   | Reached skill level 13 in Armour
 28777 | Zig:23   | Killed an ancient lich
 28777 | Zig:23   | Reached skill level 14 in Armour
 28777 | Zig:23   | Killed an ancient lich
 28777 | Zig:23   | Reached skill level 15 in Armour
 28781 | Zig:23   | Reached skill level 16 in Armour
 28799 | Zig:23   | Reached skill level 24 in Evocations
 28805 | Zig:24   | Entered Level 24 of a ziggurat
 28820 | Zig:24   | Noticed an ancient lich
 28820 | Zig:24   | Noticed an ancient lich
 28820 | Zig:24   | Noticed an ancient lich
 28820 | Zig:24   | Noticed an ancient lich
 28820 | Zig:24   | Noticed an ancient lich
 28820 | Zig:24   | Noticed an ancient lich
 28820 | Zig:24   | Noticed an ancient lich
 28821 | Zig:24   | Found the +4 skin of Zhor {Englaciate rC+++ SInv}
 28821 | Zig:24   | Noticed an ancient lich
 28822 | Zig:24   | Noticed an ancient lich
 28824 | Zig:24   | Killed an ancient lich
 28824 | Zig:24   | Reached skill level 25 in Evocations
 28824 | Zig:24   | Killed an ancient lich
 28824 | Zig:24   | Killed an ancient lich
 28824 | Zig:24   | Reached skill level 26 in Evocations
 28824 | Zig:24   | Killed an ancient lich
 28824 | Zig:24   | Killed an ancient lich
 28824 | Zig:24   | Killed an ancient lich
 28824 | Zig:24   | Reached skill level 27 in Evocations
 28825 | Zig:24   | Reached skill level 17 in Armour
 28825 | Zig:24   | Killed an ancient lich
 28825 | Zig:24   | Killed an ancient lich
 28827 | Zig:24   | Reached skill level 18 in Armour
 28835 | Zig:24   | Irenicus: ?? skin of Zhor
 28835 | Zig:24   | beem: skin of zhor[1/1]: A +4 animal skin with sInv and
                  | rC+++ that sometimes casts {metabolic englaciation}, which
                  | slows monsters in LOS. Prior to 0.23, was only a +4 animal
                  | skin of rC+++.
 28842 | Zig:24   | Got a warped lapis lazuli ring
 28844 | Zig:24   | Identified the ring "Onergh" {rF+ Int+4} (You found it on
                  | level 24 of a ziggurat)
 28859 | Zig:24   | Identified the Grimoire of the Ghastly Frostbite
 28866 | Zig:25   | Entered Level 25 of a ziggurat
 28882 | Zig:25   | Reached skill level 10 in Fighting
 28882 | Zig:25   | Reached skill level 11 in Fighting
 28886 | Zig:25   | Reached skill level 12 in Fighting
 28905 | Zig:25   | Reached skill level 13 in Fighting
 28907 | Zig:25   | Got a fine copper ring
 28907 | Zig:25   | Got a pitted bronze ring
 28909 | Zig:25   | Identified the cursed ring "Min Azib" {Str-4 Dex+3} (You
                  | found it on level 25 of a ziggurat)
 28913 | Zig:25   | Identified the ring of Exhibitionism {rC+ MR+} (You found
                  | it on level 25 of a ziggurat)
 28916 | Zig:25   | Got a steaming jade ring
 28917 | Zig:25   | Identified the ring "Apiora" {Wiz +Inv MP+9 Dex-3 Stlth+}
                  | (You found it on level 25 of a ziggurat)
 28921 | Zig:26   | Entered Level 26 of a ziggurat
 28940 | Zig:26   | Noticed an ancient lich
 28942 | Zig:26   | Reached skill level 14 in Fighting
 28942 | Zig:26   | Reached skill level 15 in Fighting
 28943 | Zig:26   | Killed an ancient lich
 28945 | Zig:26   | Reached skill level 16 in Fighting
 28958 | Zig:26   | Found the cursed +14 obsidian axe {vorpal, +Fly SInv
                  | *Curse}
 28963 | Zig:26   | Identified the cursed +1 leather armour of Greed {+Fly
                  | rCorr Int+4 Stlth+} (You found it on level 26 of a
                  | ziggurat)
 28979 | Zig:27   | Entered Level 27 of a ziggurat
 28992 | Zig:27   | Reached skill level 17 in Fighting
 28999 | Zig:27   | Reached skill level 18 in Fighting
 29013 | Zig:27   | Identified the +7 plate armour of a sewer {rC+ rN+} (You
                  | found it on level 27 of a ziggurat)
 29018 | Zig:27   | Reached skill level 19 in Fighting
 29037 | Depths:2 | Found Vuppouso's Assorted Antiques.
 29047 | Depths:2 | Bought 2 potions of ambrosia for 624 gold pieces
 29047 | Depths:2 | Bought a scroll of identify for 78 gold pieces
 29079 | Depths:3 | Identified the +5 hunting sling of the Seven Lovers
                  | {vorpal, rElec rN+}
 29083 | Depths:3 | Identified the cursed +0 leather armour of Tomorrow {rF+}
 29099 | Depths:3 | Reached skill level 20 in Fighting
 29141 | Depths:3 | Found a one-way gate leading to the halls of Pandemonium.
 29189 | Hell     | Entered the Vestibule of Hell
 29189 | Hell     | Noticed Geryon
 29203 | Hell     | Killed Geryon
 29211 | Hell     | Reached skill level 21 in Fighting
 29234 | Hell     | Found a gateway to the decaying netherworld of Tartarus.
 29244 | Tar:1    | Entered Level 1 of Tartarus
 29302 | Tar:2    | Reached skill level 22 in Fighting
 29626 | Tar:7    | Entered Level 7 of Tartarus
 29641 | Tar:7    | Noticed Ereshkigal
 29644 | Tar:7    | Noticed an ancient lich
 29647 | Tar:7    | Reached skill level 23 in Fighting
 29656 | Tar:7    | Killed an ancient lich
 29679 | Tar:7    | HP: 95/404 [Ereshkigal/bolt of cold (29)]
 29681 | Tar:7    | HP: 44/404 [Tzitzimitl/bolt of cold[a doom hound] (22)]
 29688 | Tar:7    | HP: 57/404 [??? (9)]
 29690 | Tar:7    | Identified the ring "Xerchigy" {rF+ rC+ rN+ MP+9 Str-2}
 29693 | Tar:7    | Identified the +8 fustibalus of Accord {freeze, Str+4}
 29694 | Tar:7    | HP: 91/404 [???[a doom hound] (7)]
 29700 | Tar:7    | HP: 57/404 [Tzitzimitl/bolt of cold[a doom hound] (46)]
 29705 | Tar:7    | HP: 51/404 [??? (9)]
 29707 | Tar:7    | Killed Ereshkigal
 29860 | Tar:7    | Got a bone rune of Zot
 29878 | Tar:7    | Noticed an ancient lich
 29884 | Tar:7    | Reached skill level 24 in Fighting
 29889 | Tar:7    | Killed an ancient lich
 30009 | Hell     | Found a gateway to the freezing wastes of Cocytus.
 30050 | Hell     | Found a gateway to the Iron City of Dis.
 30060 | Dis:1    | Entered Level 1 of the Iron City of Dis
 30403 | Dis:5    | Reached skill level 19 in Spellcasting
 30425 | Dis:7    | Entered Level 7 of the Iron City of Dis
 30515 | Dis:7    | Reached skill level 20 in Spellcasting
 30530 | Dis:7    | Reached skill level 8 in Shields
 30546 | Dis:7    | Found the +7 great mace "Undeadhunter" {disrupt, rN+}
 30551 | Dis:7    | Identified the +3 ring mail of Follow the Leader {Rampage
                  | +Fly Dex+5 SInv} (You found it on level 7 of the Iron City
                  | of Dis)
 30596 | Dis:7    | Reached skill level 9 in Shields
 30609 | Dis:7    | Reached skill level 10 in Shields
 30623 | Dis:7    | Reached skill level 11 in Shields
 30628 | Dis:7    | Reached skill level 12 in Shields
 30632 | Dis:7    | Identified the +4 staff of Dispater
 30632 | Dis:7    | Noticed Dispater
 30633 | Dis:7    | Got an iron rune of Zot
 30638 | Dis:7    | Lost mutation: You are robust. (+10% HP) [a cacodemon]
 30708 | Dis:7    | HP: 85/374 [??? (15)]
 30804 | Hell     | Found a gateway to the ashen valley of Gehenna.
 30818 | Geh:1    | Entered Level 1 of Gehenna
 30845 | Geh:1    | Reached skill level 13 in Shields
 30947 | Geh:2    | Reached skill level 14 in Shields
 31073 | Geh:5    | Reached skill level 15 in Shields
 31118 | Geh:7    | Entered Level 7 of Gehenna
 31194 | Geh:7    | Reached skill level 16 in Shields
 31248 | Geh:7    | Reached skill level 17 in Shields
 31418 | Geh:7    | Reached skill level 18 in Shields
 31636 | Geh:7    | Learned a level 8 spell: Infestation
 31673 | Geh:7    | Identified the +7 sceptre of Asmodeus
 31673 | Geh:7    | Noticed Asmodeus
 31697 | Geh:7    | HP: 70/288 [Asmodeus/the +7 sceptre of Asmodeus (23)]
 31700 | Geh:7    | Killed Asmodeus
 31700 | Geh:7    | Reached skill level 19 in Shields
 31725 | Geh:7    | Got an obsidian rune of Zot
 31820 | Depths:4 | Found a large runed translucent door.
 31820 | Depths:4 | Found a large runed translucent door.
 31823 | Depths:4 | Noticed Vevoth Taqom's ghost (adept SpEn)
 31835 | Depths:4 | Killed Vevoth Taqom's ghost
 31851 | Depths:4 | Noticed Mennas
 31873 | Depths:4 | Killed Mennas
 31873 | Depths:4 | Reached skill level 20 in Shields
 32011 | Depths:4 | Noticed the Enchantress
 32022 | Depths:4 | Killed the Enchantress
 32026 | Depths:4 | Reached skill level 21 in Shields
 32162 | Depths:4 | Voluntarily entered the Abyss.
 32214 | Abyss:2  | Found a corrupted altar of Lugonu.
 32260 | Abyss:2  | Paralysed by accursed screaming for 1 turns
 32414 | Abyss:2  | Reached skill level 22 in Shields
 32549 | Abyss:3  | Acquired 1098 gold pieces
 32560 | Abyss:3  | Identified the +9 flail of Theory {holy, +Blink Int-4
                  | Dex+2} (You found it on level 3 of the Abyss)
 32575 | Abyss:3  | Acquired the +2 pair of gloves of Happiness {rElec SInv}
 32645 | Abyss:3  | Reached skill level 23 in Shields
 32670 | Abyss:3  | Paralysed by you for 4 turns
 32888 | Abyss:4  | Paralysed by accursed screaming for 1 turns
 32957 | Abyss:5  | Entered Level 5 of the Abyss
 33061 | Abyss:5  | Found a stormy altar of Qazlal.
 33063 | Abyss:5  | Found a broken altar of Ashenzari.
 33063 | Abyss:5  | Found a bloodstained altar of Trog.
 33064 | Abyss:5  | Found a glowing golden altar of the Shining One.
 33064 | Abyss:5  | Found an opulent altar of Gozag.
 33064 | Abyss:5  | Found an ornate altar of the Wu Jian Council.
 33064 | Abyss:5  | Found a radiant altar of Vehumet.
 33064 | Abyss:5  | Found a blossoming altar of Fedhas.
 33064 | Abyss:5  | Found a broken altar of Ashenzari.
 33065 | Abyss:5  | Found a shimmering blue altar of Sif Muna.
 33066 | Abyss:5  | Found a glowing silver altar of Zin.
 33068 | Abyss:5  | Found a burning altar of Makhleb.
 33068 | Abyss:5  | Found a hazy altar of Hepliaklqana.
 33068 | Abyss:5  | Found an iron altar of Okawaru.
 33070 | Abyss:5  | Found a basalt altar of Yredelemnul.
 33070 | Abyss:5  | Found a hide-covered altar of Uskayaw.
 33070 | Abyss:5  | Found a white marble altar of Elyvilon.
 33070 | Abyss:5  | Found a shimmering altar of Xom.
 33072 | Abyss:5  | Found an ancient bone altar of Kikubaaqudgha.
 33072 | Abyss:5  | Found a sparkling altar of Nemelex Xobeh.
 33072 | Abyss:5  | Found a snail-covered altar of Cheibriados.
 33090 | Abyss:5  | Reached skill level 24 in Shields
 33128 | Abyss:5  | Found a corrupted altar of Lugonu.
 33270 | Abyss:5  | Got an abyssal rune of Zot
 33275 | Depths:4 | Escaped the Abyss
 33333 | Depths:4 | Learned a level 8 spell: Necromutation
 33383 | Pan      | Entered Pandemonium
 33446 | Pan      | Noticed Tyfuf the pandemonium lord
 33450 | Pan      | Killed Tyfuf the pandemonium lord
 33452 | Pan      | Reached skill level 25 in Shields
 33574 | Pan      | Reached skill level 1 in Transmutations
 33575 | Pan      | Reached skill level 2 in Transmutations
 33643 | Pan      | Lost mutation: You are clumsy. (Dex -2) [potion of
                  | mutation]
 33643 | Pan      | Lost mutation: Your flesh is heat resistant. (rF+) [potion
                  | of mutation]
 33643 | Pan      | Gained mutation: You have large cloven feet. [potion of
                  | mutation]
 33643 | Pan      | Gained mutation: You have hoof-like feet. [potion of
                  | mutation]
 33643 | Pan      | Gained mutation: You can translocate small distances at
                  | will. [potion of mutation]
 33668 | Pan      | Reached skill level 3 in Transmutations
 33737 | Pan      | Entered the realm of Mnoleg.
 33783 | Pan      | Reached skill level 4 in Transmutations
 33843 | Pan      | Noticed Mnoleg
 33856 | Pan      | Killed Mnoleg
 33856 | Pan      | Reached skill level 5 in Transmutations
 33860 | Pan      | Got a glowing rune of Zot
 33916 | Pan      | Entered the realm of Gloorx Vloq.
 34029 | Pan      | Reached skill level 6 in Transmutations
 34066 | Pan      | Lost mutation: You can translocate small distances at will.
                  | [potion of mutation]
 34066 | Pan      | Lost mutation: You have hoof-like feet. [potion of
                  | mutation]
 34066 | Pan      | Gained mutation: You are resistant to hostile enchantments.
                  | (MR+) [potion of mutation]
 34066 | Pan      | Gained mutation: You have a pair of small horns on your
                  | head. [potion of mutation]
 34074 | Pan      | Noticed Gloorx Vloq
 34076 | Pan      | Irenicus: ?? Gloorx
 34076 | Pan      | beem: gloorx vloq[1/1]: Guardian of the dark rune of Zot.
                  | Speed 20 with orb guardian-like melee and casts poison
                  | arrow, miasma, torments, summon executioners, Abjuration
                  | and dispel undead. His level is full of executioners and
                  | diagonally tiled wall patterns. Resists all but fire.
 34087 | Pan      | Killed Gloorx Vloq
 34087 | Pan      | Reached skill level 23 in Necromancy
 34087 | Pan      | Reached skill level 7 in Transmutations
 34127 | Pan      | Got a dark rune of Zot
 34208 | Pan      | Noticed Taguceir the pandemonium lord
 34301 | Pan      | Killed Taguceir the pandemonium lord
 34366 | Pan      | Reached skill level 8 in Transmutations
 34460 | Pan      | Entered the realm of Lom Lobon.
 34591 | Pan      | Reached skill level 24 in Necromancy
 34604 | Pan      | Noticed Lom Lobon
 34606 | Pan      | Irenicus: ?? potion of resi
 34606 | Pan      | beem: I don't have a page labeled potion_of_resi in my
                  | learndb.
 34606 | Pan      | Irenicus: ?? potion of resistance
 34606 | Pan      | beem: potion of resistance[1/1]: Gives temporary resistance
                  | to fire, cold, electricity, acid, and poison. Duration is
                  | between 10 and 29 turns. Nice against Nikola, in Slime:5
                  | and on Zot:5.
 34631 | Pan      | Killed Lom Lobon
 34651 | Pan      | Got a magical rune of Zot
 34697 | Pan      | Entered the realm of Cerebov.
 34705 | Pan      | Identified the +6 sword of Cerebov {flame}
 34705 | Pan      | Noticed Cerebov
 34731 | Pan      | Killed Cerebov
 34731 | Pan      | Reached skill level 25 in Necromancy
 34734 | Pan      | Got a fiery rune of Zot
 34769 | Pan      | Identified the ring of Uwyole {MR+ EV+4 Str+4 Int-5} (You
                  | found it in Pandemonium)
 34770 | Pan      | Identified the +1 robe of the Shoals {+Inv Dex-4 Stlth+}
                  | (You found it in Pandemonium)
 34793 | Pan      | Identified the +3 leather armour "Xisudeeck" {rC+ Slay-3
                  | Stlth+} (You found it in Pandemonium)
 34880 | Pan      | Noticed Nylay the pandemonium lord
 34887 | Pan      | Killed Nylay the pandemonium lord
 34912 | Pan      | Found an exit through the horrors of the Abyss.
 34977 | Pan      | Found an exit through the horrors of the Abyss.
 34990 | Pan      | Reached skill level 26 in Shields
 35122 | Pan      | Noticed Hereku the pandemonium lord
 35136 | Pan      | Killed Hereku the pandemonium lord
 35136 | Pan      | Reached skill level 27 in Shields
 35138 | Pan      | Got a demonic rune of Zot
 35140 | Pan      | Identified the cursed +0 ring mail of the Slightly Bent
                  | {rElec} (You found it in Pandemonium)
 35340 | Depths:3 | Escaped Pandemonium
 35400 | Coc:1    | Entered Level 1 of Cocytus
 35497 | Coc:7    | Entered Level 7 of Cocytus
 35503 | Coc:7    | Reached skill level 21 in Spellcasting
 35688 | Coc:7    | Reached skill level 22 in Spellcasting
 35694 | Coc:7    | Noticed Antaeus
 35723 | Coc:7    | Killed Antaeus
 35731 | Coc:7    | Got a twitching silver ring
 35731 | Coc:7    | Got an icy rune of Zot
 35732 | Coc:7    | Identified the ring "Miblas" {rF++ MR+ Int+6} (You found it
                  | on level 7 of Cocytus)
 35816 | Depths:5 | Entered Level 5 of the Depths
 35888 | Depths:5 | Found a gate to the Realm of Zot.
 35902 | Zot:1    | Entered Level 1 of the Realm of Zot
 35937 | Zot:1    | Reached skill level 23 in Spellcasting
 36066 | Zot:5    | Entered Level 5 of the Realm of Zot
 36154 | Zot:5    | Noticed an ancient lich
 36154 | Zot:5    | Noticed an ancient lich
 36160 | Zot:5    | Noticed an orb of fire
 36162 | Zot:5    | Reached skill level 24 in Spellcasting
 36178 | Zot:5    | Gained mutation: Scrolls take you a little longer to read.
                  | [an orb of fire]
 36178 | Zot:5    | Gained mutation: You are frail. (-10% HP) [an orb of fire]
 36195 | Zot:5    | Killed an orb of fire
 36212 | Zot:5    | Killed an ancient lich
 36251 | Zot:5    | Got the Orb of Zot
 36254 | Zot:5    | Noticed an orb of fire
 36256 | Zot:5    | Noticed an ancient lich
 36257 | Zot:5    | Lost mutation: You have large cloven feet. [potion of
                  | mutation]
 36257 | Zot:5    | Gained mutation: You have large cloven feet. [potion of
                  | mutation]
 36257 | Zot:5    | Gained mutation: Your flesh is cold resistant. (rC+)
                  | [potion of mutation]
 36257 | Zot:5    | Gained mutation: You have an increased reservoir of magic.
                  | (+10% MP) [potion of mutation]
 36258 | Zot:5    | Lost mutation: You are frail. (-10% HP) [potion of
                  | mutation]
 36258 | Zot:5    | Lost mutation: You have a pair of small horns on your head.
                  | [potion of mutation]
 36258 | Zot:5    | Lost mutation: Scrolls take you a little longer to read.
                  | [potion of mutation]
 36258 | Zot:5    | Lost mutation: You are resistant to hostile enchantments.
                  | (MR+) [potion of mutation]
 36258 | Zot:5    | Gained mutation: You are frail. (-10% HP) [potion of
                  | mutation]
 36258 | Zot:5    | Gained mutation: You have hoof-like feet. [potion of
                  | mutation]
 36258 | Zot:5    | Gained mutation: Your muscles are strong. (Str +2) [potion
                  | of mutation]
 36258 | Zot:5    | Gained mutation: Armour fits poorly on your strangely
                  | shaped body. [an orb of fire]
 36258 | Zot:5    | Noticed an orb of fire
 36259 | Zot:5    | Lost mutation: Your flesh is cold resistant. (rC+) [potion
                  | of mutation]
 36259 | Zot:5    | Lost mutation: You have an increased reservoir of magic.
                  | (+10% MP) [potion of mutation]
 36259 | Zot:5    | Lost mutation: Your muscles are strong. (Str +2) [potion of
                  | mutation]
 36259 | Zot:5    | Gained mutation: You are resistant to hostile enchantments.
                  | (MR+) [potion of mutation]
 36259 | Zot:5    | Gained mutation: You are partially covered in iridescent
                  | scales. (AC +2) [potion of mutation]
 36260 | Zot:5    | Lost mutation: You are frail. (-10% HP) [potion of
                  | mutation]
 36260 | Zot:5    | Lost mutation: You have hoof-like feet. [potion of
                  | mutation]
 36260 | Zot:5    | Lost mutation: Armour fits poorly on your strangely shaped
                  | body. [potion of mutation]
 36260 | Zot:5    | Lost mutation: You are partially covered in iridescent
                  | scales. (AC +2) [potion of mutation]
 36260 | Zot:5    | Gained mutation: You tend to lose your temper in combat.
                  | [potion of mutation]
 36260 | Zot:5    | Gained mutation: You are weak. (Str -2) [potion of
                  | mutation]
 36260 | Zot:5    | Gained mutation: You have a pair of small antennae on your
                  | head. [potion of mutation]
 36260 | Zot:5    | Noticed an ancient lich
 36264 | Zot:5    | Noticed an ancient lich
 36268 | Zot:5    | HP: 21/288 [Tzitzimitl/dispel undead[an ancient lich] (60)]
 36273 | Zot:5    | HP: 39/288 [???[an ancient lich] (9)]
 36288 | Zot:5    | Killed an ancient lich
 36288 | Zot:5    | Reached skill level 25 in Spellcasting
 36411 | Depths:5 | Noticed Iqitruaz the pandemonium lord
 36412 | Depths:5 | Acquired 939 gold pieces
 36442 | Depths:4 | HP: 63/288 [Iqitruaz the pandemonium lord/orb of
                  | electricity (50)]
 36442 | Depths:4 | Killed from afar by Iqitruaz the pandemonium lord

Illustrated notes .......#+#####...#............... .......# #######.....#.......... .......# ##...........#.......... .......#,#............#.......#.. .>.....# #........<...#.......#.. #+###### #............#.......# # #, , ,.#....#............###### # ,,............#......####.. #* * ..Z.....@...#.........>.. #,, , .........####............ #,, .......... #..$......... # , ..........# #............ #, , #.....l...#*#............ + , ...####..........#..>.... # , ##. , ..###..###......#.. ###... ## , ,.......#.. ..+..., ,, , ........#.. Turn 2230 on D:4: early exp pot + early maklheb ...............# ..........)....# ...............# #######........# )(....#........# †/....#.#####..###### .../..#.#...'.....>.# ......#.#.>.#.......# ......#.#...#...@...# #######.#...#.......# ........#####.......# ....................# ....................# #########...........# #...........# #...........# ############# Turn 7168 on D:11: out of stones, hard

......#...### ### #.P#
.......#.#..#####.#### #..###
.####≈.†##..#........# ###'#.# .#
##...#..#........# #.....#
.≈####...##.#...(..).######.<...#
..†.......###........##...'.....#
.........###.........+....#......
##.###.### #.>........#####.....#
.........# #....@....## #.....+
.##..##### ###.......# #.....#
....## ##...#♣..♣♣ ##...### .#.##
#..♣.♣..≈≈♣♣###..##### ##.####
#..♣≈≈..≈≈...........# ......#
#...≈≈.≈.≈..≈♣........ ......##
#.≈≈....≈≈≈≈........#. .......###
#♣≈≈.≈≈.≈..≈..♣......#
......)..##♣....≈..≈≈.≈≈≈≈♣....##


Turn 7922 on Lair:1: lack of stone was managed by surplus of might/stab/invi
potions ##### ###...### ##.......## #....@....# ##.......## ###...### #####
#...# ##### ###...## ###...### ##...### ##......####.......####......##
#....∩.........∩.........∩....# ##......####.......####......## ###...##
###...### ##...### Turn 12281 on Bazaar: Bazaar : robe of night
*,,#≈≈....#.##.....#'###### ,#≈≈.....####...###'#...## * #≈≈....## ##+##
##.....# * #≈≈....# #.# #.<...# * #≈≈....## #.# #.....# #≈≈.....## #.# #'...##
#≈≈....#.####### ###### #≈≈....##'...#8###8###⌠ ,#≈≈....##....@........# *
#≈≈....+..............# ' +......#.........###..# * +......#(...P....# * , *
#≈≈....#.........#* , ≈....#.........+ ,,*≈ ....##.......##+ ,, .... ##.....## ,
.. * +##+### * * Turn 15478 on Elf:3: elven castle :O
*#.="|.....().}.##........... , , #..|........).[##...........
##}..:....).)(.##........... ####..........#.##...........
#................#........... .....#.......................... ...#
##..........#.#............ .. ##...:....|...#............. ,
#.:).......@|)..#........... , #.=.))..../)=|)..#..........
##.:?##..#..)/##........... ##...#.##....#............ ##.##..##[.##............
, #####.#####............. * .# ............., , ,, .............. , , , , ,,, ,
, Turn 20584 on Slime:5: still no apportation / bjorn ....... ../..
##$.........<.#,.$)... #$$..........†##§M.... #$)$=..^.......##)....
#:$$).$.........#..... #))$$:$$......)....... #}[}=|$!$......†.)....
#=::):)$.^.....(..).. #:}@:$$.......#..... ##=.=)$)......#..)..
##")[$$$.....#..... ##))}!.....##..... ##).$.....##).^.. ##)$....###.....
##.....# #....# ####### * Turn 26677 on Tomb:3: at last !

Levels and vault maps discovered:
D:1:      mrwooster_arrival_statue, layout_loops_ring, minmay_misc_feat_cross
D:2:      layout_rooms
D:3:      layout_basic, amethyst_overflow_temple_binary,
          gammafunk_temple_overflow_forgotten, uniq_sigmund, uniq_ijyb
D:4:      layout_basic, makhleb_altar_promises_db, gammafunk_ghost_stat_death,
          cheibrodos_sewer_entry_bend, moated_statue
D:5:      layout_cave_pods, gammafunk_temple_overflow_wave, basic_altar,
          uniq_duvessa, uniq_edmund, uniq_pikel
D:6:      layout_gridville, minmay_temple_entry_hall
D:7:      layout_loops_cross, enter_bailey_3, serial_shops,
          nicolae_shop_temple_entry_statues_fountains, minmay_misc_feat_room,
          worms_lemuel
D:8:      layout_basic, tso_altar
D:9:      layout_rooms, gammafunk_ghost_icy
D:10:     layout_rooms, ebering_ghost_reflecting_pool, xom_shifter_show
D:11:     layout_irregular_city, erik_lair_island, basic_altar, uniq_nergalle
D:12:     layout_cave_pools, minivault_28
D:13:     kennysheep_demon_hangout, layout_basic, basic_altar
D:14:     layout_roguey, david_vaults_1, serial_shops, bzr_entry_water,
          lightli_wizard_tower, uniq_jorgrun
D:15:     hangedman_depths_entry_civil_slaughter, layout_cave_pods,
          lemuel_statue_altar
Lair:1:   layout_roguey, minmay_hedge_maze, nicolae_quartered_pool_medium,
          hangedman_lair_generics_rect, uniq_joseph
Lair:2:   wad_woods_minihive, layout_layer_cave, uniq_sonja
Lair:3:   layout_chaotic_city, swamp_mist_pool, minmay_lair_oklob_chamber,
          grunt_megastairs_3, uniq_urug
Lair:4:   layout_small_grid, guppyfry_snake_entry_island,
          chequers_serial_rivers_small_3, beast_lair_carwin_9
Lair:5:   wad_woods_04, layout_cellular_growth, minmay_slime_entry_jelly_boxes,
          lemuel_centaur_altar
Lair:6:   hangedman_lair_tendril_chambers, layout_hall_layers,
          serial_bayou_pond_d, lemuel_fruit_tree
Swamp:1:  layout_falls_marsh, hangedman_swamp_blocks
Swamp:2:  layout_basic_swamp, serial_swamp_ruin, evilmike_swamp_ruin_house_6,
          evilmike_swamp_ruin_wall, infiniplex_staircase_pool_2
Swamp:3:  layout_basic_swamp, lemuel_altar_in_water
Swamp:4:  swamp, layout_basic_swamp, swamp_pool1
Snake:1:  layout_basic
Snake:2:  layout_grid_maze
Snake:3:  layout_layer_cave, uniq_aizul
Snake:4:  minmay_snake_end_coiled, layout_rooms, st_stairs_13
Slime:1:  layout_caves
Slime:2:  layout_caves
Slime:3:  cheibrodos_slime_lost_civilization_10, layout_caves, basic_altar
Slime:4:  layout_caves
Slime:5
Orc:1:    layout_caves, serial_shops, shop, uniq_harold, uniq_erica
Orc:2:    st_orc_mages, layout_caves, ebering_ghost_rock_garden,
          nicolae_orc_crystal_geode, uniq_erolcha
Elf:1:    elf_arrival_001, layout_geoelf_octagon, ebering_ghost_disaster_area,
          minmay_elf_demonology, lemuel_flamethrower_3
Elf:2:    layout_geoelf_grid, serial_shops, nicolae_shop_window_shopping,
          minmay_shoptagon
Elf:3:    nooodl_elf_gasket, layout_geoelf_castle,
          chequers_hall_statues_corner_a
Vaults:1: gammafunk_vaults_ghost_spectres, hangedman_vaults_river_flow,
          v_misc_3, st_star, hangedman_vaults_stagger, v_misc_5,
          nicolae_vaults_stairing_the_circle, nicolae_vaults_what_the_h,
          vaults_mumra_chevron, layout_vaults_maze
Vaults:2: ontoclasm_vaults_claustrophobia, vaults_room_door_ring,
          hangedman_vaults_hat, st_spiral_rooms, v_misc_29,
          hangedman_vaults_restitches, v_misc_2, v_rooms_5,
          ontoclasm_vaults_decontamination, vaults_dpeg_hooks, v_alt_pattern_2,
          nicolae_vaults_specimen_jars, grunt_vaults_hallway_short,
          layout_vaults_chaotic_city, serial_shops,
          nicolae_shop_overgrown_old_shop, nicolae_shop_stone, uniq_mara
Vaults:3: gammafunk_vaults_ghost_tricky_traps, vaults_mumra_hexcomb,
          nicolae_vaults_border_crossing, nicolae_vaults_yaktaur_gun_rack,
          vaults_room_door_ring, nicolae_vaults_theta, v_rooms_4,
          ontoclasm_vaults_spin, nicolae_vaults_theta,
          minmay_crypt_entry_necro_gods, layout_vaults_omnicross
Vaults:4: ploomutoo_gammafunk_vaults_ghost_potion_laboratory, vaults_room_grid,
          grunt_vaults_hallway_short, vaults_room_large_hall,
          vaults_mumra_chevron_long, vaults_room_guarded_vault, v_pattern_5,
          nicolae_vaults_asterisk, ontoclasm_vaults_hangar,
          nicolae_vaults_little_ls, vaults_room_grunt_arrival_ludios,
          nicolae_vaults_network_s, hangedman_vaults_corner,
          ontoclasm_vaults_tryst, hangedman_vaults_capsules,
          layout_vaults_omnibox, uniq_xtahua
Vaults:5: serial_shops, uniq_jory
Crypt:1:  layout_chaotic_city, gammafunk_ghost_mausoleum, uniq_donald
Crypt:2:  layout_misc_corridors, uniq_margery
Crypt:3:  quadcrypt_mu
Tomb:1
Tomb:2
Tomb:3
Depths:1: layout_gridlike, special_room [special_room_mythical_zoo],
          grunt_hell_entry_dis_grunt, minmay_misc_feat_diagonals, abyss_entry,
          glass_columns_a, minmay_crystal_water, st_stairs_3,
          hangedman_decor_lopped, hangedman_abyss_or_decor_passed,
          minmay_misc_feat_columns, nrook_uturn, grunt_ministairs_5,
          lemuel_flamethrower_2
Depths:2: cross_vault, layout_basic, enter_ziggurat_f, pf_hell_entry_great_geh,
          grunt_decor_resistance, serial_shops, bzr_entry_safe,
          nicolae_shop_trees, minmay_staircase_bubble, uniq_nikola,
          uniq_saint_roka
Depths:3: grunt_x_marks_the_spot, layout_gridlike, chequers_decorated_corner,
          hell_entry, serial_rivers, chequers_serial_rivers_marsh,
          chequers_serial_rivers_micro_e, chequers_serial_rivers_room_b,
          chequers_serial_rivers_small_3, chequers_serial_rivers_micro_d,
          chequers_serial_rivers_marsh, rand_demon_pan_entry_5
Depths:4: mu_elemental_laboratory, layout_cave_shapes,
          ebering_ghost_disaster_area, hell_entry, minmay_misc_feat_tower,
          abyss_entry_small_statue_room, serial_bayou, serial_bayou_ford_a,
          serial_bayou_pond_d, serial_bayou_shore_b, serial_bayou_shore_b,
          uniq_enchantress, uniq_mennas
Depths:5: grunt_zot_entry_funnels, layout_gridlike, grunt_mini_vestibule,
          serial_co_window_serial, co_window_paths_b, co_window_paths_a,
          co_window_paths_a, co_window_of_opportunity_a, co_window_paths_a,
          co_window_2corner, co_window_broadway_c, co_window_corner_ca,
          co_window_corner_ca, co_window_4corner_a, glass_columns_a,
          glass_columns_a, glass_columns_c, glass_columns_a, abyss_entry,
          serial_bayou_shore_b
Hell
Dis:1:    layout_subdivisions
Dis:2:    layout_regular_city, hangedman_dis_decor_blocks_talon
Dis:3:    layout_subdivisions
Dis:4:    layout_regular_city
Dis:5:    layout_chaotic_city
Dis:6:    layout_regular_city
Dis:7:    dis_hangedman
Geh:1:    layout_gehenna_pools_box, nicolae_geh_fiery_graves
          [nicolae_geh_single_fiery_grave, nicolae_geh_single_fiery_grave,
          nicolae_geh_single_fiery_grave, nicolae_geh_single_fiery_grave,
          nicolae_geh_single_fiery_grave, nicolae_geh_single_fiery_grave,
          nicolae_geh_single_fiery_grave, nicolae_geh_single_fiery_grave,
          nicolae_geh_single_fiery_grave], hangedman_elemental_corridor
Geh:2:    layout_gehenna_pools_box
Geh:3:    layout_gehenna_lava_caves
Geh:4:    layout_gehenna_lava_caves
Geh:5:    layout_gehenna_lava_caves
Geh:6:    layout_gehenna_lava_caves, lemuel_elevator
Geh:7:    geh_hangedman
Coc:1:    layout_cocytus_water_paths
Coc:2:    layout_ice_bergs
Coc:3:    layout_ice_bergs
Coc:4:    layout_cocytus_water_paths
Coc:5:    layout_cocytus_water_paths
Coc:6:    layout_cocytus_water_paths
Coc:7:    coc_hangedman
Tar:1:    layout_honeycomb
Tar:2:    layout_catacombs
Tar:3:    minmay_shadows, layout_cathedral_of_symmetry, grunt_megastairs_1
Tar:4:    layout_cathedral_of_symmetry, nicolae_tar_cuneiform_bread
Tar:5:    layout_cathedral_of_symmetry
Tar:6:    layout_grid_maze, evilmike_ambush [evilmike_ambush_outer_basic,
          evilmike_ambush_inner_basic]
Tar:7:    tar_old
Zot:1:    hangedman_zot_vaults_quadrants, layout_concentric_octagons,
          st_large_dragon_hoard_4
Zot:2:    layout_onion_interference, st_single_dragon_hoard_4,
          grunt_ministairs_9, chequers_guarded_unrand_mask_of_the_dragon
Zot:3:    layout_basic, lemuel_golem_globe
Zot:4:    layout_basic
Zot:5:    layout_basic

Skill      XL: |  1  2  3  4  5  6  7  8  9 10 11 12 13 14 15 16 17 18 19 20 21 22 23 24 25 26 27 |
---------------+----------------------------------------------------------------------------------+-----
Earth Magic    | 5 6 7 9 14 15 16 17 20 22 24 26 27 | 27.0
Spellcasting   | 7 8 10 13 15 17 18 25 | 25.1
Conjurations   | 1 |  1.1
Shields        | 4 7 27 | 27.0
Dodging        | 8 9 11 14 17 20 21 27 | 27.0
Fighting       | 3 4 9 24 | 24.6
Armour         | 6 18 | 18.9
Evocations     | 3 5 10 14 16 22 27 | 27.0
Stealth        | 8 9 11 15 22 | 22.7
Necromancy     | 13 17 22 25 | 25.2
Translocations | 4 6 |  6.0
Long Blades    | 13 | 13.0
Transmutations | 8 |  8.0

Action                   |  1- 3 |  4- 6 |  7- 9 | 10-12 | 13-15 | 16-18 | 19-21 | 22-24 | 25-27 || total
-------------------------+-------+-------+-------+-------+-------+-------+-------+-------+-------++-------
Melee: Club              |    15 |     3 |       |       |       |       |       |       |       ||    18
       Mace              |       |    60 |    63 |       |       |       |       |       |       ||   123
       Whip              |       |       |    18 |   188 |       |       |       |       |       ||   206
       Unarmed           |       |       |       |    39 |       |       |       |       |       ||    39
       Staff             |       |       |       |    21 |    35 |       |       |       |       ||    56
       Scimitar          |       |       |       |       |   237 |    77 |   212 |   117 |   604 ||  1247
       Headbutt          |       |       |       |       |       |       |       |       |    67 ||    67
 Cast: Sandblast         |    37 |    41 |   120 |   220 |   487 |   184 |   112 |    34 |    46 ||  1281
       Passwall          |     4 |       |    25 |    20 |    61 |     8 |    13 |       |     2 ||   133
       Stone Arrow       |       |       |    54 |   173 |   290 |   143 |    67 |    39 |   101 ||   867
       Lee's Rapid Decon |       |       |     9 |    14 |    70 |   103 |    64 |    83 |   108 ||   451
       Shatter           |       |       |       |       |       |    59 |   111 |    87 |   568 ||   825
       Borgnjor's Vile C |       |       |       |       |       |       |       |    34 |   318 ||   352
       Sublimation of Bl |       |       |       |       |       |       |       |     8 |   222 ||   230
       Statue Form       |       |       |       |       |       |       |       |     1 |    20 ||    21
       Apportation       |       |       |       |       |       |       |       |       |   141 ||   141
       Passage of Golubr |       |       |       |       |       |       |       |       |    69 ||    69
       Infestation       |       |       |       |       |       |       |       |       |    28 ||    28
       Necromutation     |       |       |       |       |       |       |       |       |    14 ||    14
       Dispel Undead     |       |       |       |       |       |       |       |       |     2 ||     2
Invok: Minor Destruction |       |       |       |       |     1 |       |       |       |       ||     1
 Abil: Heal Wounds       |       |     1 |       |       |       |       |       |       |       ||     1
       End Transformatio |       |       |       |       |       |       |       |       |    11 ||    11
       Evoke Blink       |       |       |       |       |       |       |       |       |     6 ||     6
       Evoke Flight      |       |       |       |       |       |       |       |       |     2 ||     2
       Stop Flying       |       |       |       |       |       |       |       |       |     1 ||     1
Evoke: Wand              |       |       |       |    27 |    14 |     3 |     3 |    20 |    45 ||   112
       Tin of tremorston |       |       |       |     3 |       |     4 |     7 |    20 |    60 ||    94
       Box of beasts     |       |       |       |       |     8 |     5 |    11 |    15 |    49 ||    88
       Lightning rod     |       |       |       |       |       |    16 |    14 |    27 |    25 ||    82
       Phial of floods   |       |       |       |       |       |     3 |     2 |    11 |    10 ||    26
       Condenser vane    |       |       |       |       |       |     6 |     4 |    12 |    42 ||    64
       Phantom mirror    |       |       |       |       |       |       |     1 |     4 |     6 ||    11
       Horn of Geryon    |       |       |       |       |       |       |       |       |     6 ||     6
  Use: Scroll            |     5 |     3 |     6 |    13 |     8 |    17 |    12 |    16 |    62 ||   142
       Potion            |       |     4 |     4 |    23 |     3 |     1 |     5 |     4 |    53 ||    97
 Stab: Sleeping          |       |       |     1 |     6 |     1 |       |     2 |       |    14 ||    24
       Invisible         |       |       |       |     1 |       |       |       |       |       ||     1
       Paralysed         |       |       |       |       |    13 |       |       |       |       ||    13
       Distracted        |       |       |       |       |       |       |     1 |     1 |    17 ||    19
       Confused          |       |       |       |       |       |       |       |     1 |       ||     1
Armor: Leather armour    |    11 |    28 |    69 |    11 |       |    71 |   125 |   111 |   327 ||   753
       Skin              |       |       |     7 |    58 |       |       |       |     6 |   405 ||   476
       Ring mail         |       |       |       |   197 |    65 |       |       |       |       ||   262
       Steam dragon scal |       |       |       |       |   116 |    19 |       |       |       ||   135
Dodge: Dodged            |    16 |    64 |   155 |   747 |   872 |   405 |   669 |   680 |  2251 ||  5859
Block: Buckler           |       |       |     9 |   244 |   396 |   233 |   401 |   265 |  1371 ||  2919
       Reflection        |       |       |       |       |       |    43 |    59 |    40 |   160 ||   302
       Tower shield      |       |       |       |       |       |       |       |       |   874 ||   874
       Rpst.: Scimitar   |       |       |       |       |   188 |    68 |   141 |    85 |   378 ||   860

Table legend: (Time is in decaauts)
 A = Elapsed time spent in this place.
 B = Non-inter-level travel time spent in this place.
 C = Inter-level travel time spent in this place.
 D = Time resting spent in this place.
 E = Time spent auto-exploring this place.
 F = Levels seen in this place.
 G = Mean time per level.
                   A        B        C        D        E       F      G
               +--------+--------+--------+--------+--------+-----+--------+
         Total |  36501 |  36095 |    406 |     69 |      0 | 145 |  251.7 |
       Dungeon |   8681 |   8480 |    201 |     57 |      0 |  15 |  578.7 |
          Lair |   4687 |   4514 |    173 |      0 |      0 |   6 |  781.2 |
         Swamp |    967 |    967 |      0 |      0 |      0 |   4 |  241.8 |
     Snake Pit |   1213 |   1213 |      0 |      0 |      0 |   4 |  303.2 |
    Slime Pits |    872 |    872 |      0 |      0 |      0 |   5 |  174.4 |
  Orcish Mines |   1006 |   1006 |      0 |      0 |      0 |   2 |  503.0 |
   Elven Halls |   3154 |   3154 |      0 |      0 |      0 |   3 | 1051.3 |
        Vaults |   3101 |   3101 |      0 |      0 |      0 |   5 |  620.2 |
         Crypt |    974 |    974 |      0 |      0 |      0 |   3 |  324.7 |
          Tomb |   1552 |   1552 |      0 |      0 |      0 |   3 |  517.3 |
        Depths |   1570 |   1539 |     31 |      0 |      0 |   5 |  314.0 |
          Hell |    290 |    290 |      0 |      0 |      0 |   1 |  290.0 |
           Dis |    730 |    730 |      0 |      0 |      0 |   7 |  104.3 |
       Gehenna |    907 |    907 |      0 |      0 |      0 |   7 |  129.6 |
       Cocytus |    350 |    350 |      0 |      0 |      0 |   7 |   50.0 |
      Tartarus |    804 |    804 |      0 |      0 |      0 |   7 |  114.9 |
           Zot |    441 |    441 |      0 |      0 |      0 |   5 |   88.2 |
         Abyss |   1092 |   1092 |      0 |      0 |      0 |   5 |  218.4 |
   Pandemonium |   1886 |   1886 |      0 |      0 |      0 |  20 |   94.3 |
      Ziggurat |   1127 |   1127 |      0 |      0 |      0 |  27 |   41.7 |
        Bazaar |    145 |    145 |      0 |      0 |      0 |   2 |   72.5 |
         Sewer |    397 |    397 |      0 |      0 |      0 |   1 |  397.0 |
        Bailey |    546 |    546 |      0 |     12 |      0 |   1 |  546.0 |
               +--------+--------+--------+--------+--------+-----+--------+

Top non-repeatable levels by time:
   Elf:3: 1588 daAuts
    D:11: 1066 daAuts
   Elf:2: 981 daAuts
  Lair:5: 904 daAuts
  Tomb:1: 869 daAuts
Vaults:4: 867 daAuts
  Lair:6: 845 daAuts
  Lair:2: 780 daAuts
  Lair:3: 772 daAuts
  Lair:1: 772 daAuts
Vaults:3: 740 daAuts
     D:3: 734 daAuts
Vaults:5: 727 daAuts
    D:14: 672 daAuts
    D:13: 655 daAuts

Table legend:
 A = Kills in this place as a percentage of kills in entire the game.
 B = Kills by you in this place as a percentage of kills by you in the entire game.
 C = Kills by friends in this place as a percentage of kills by friends in the entire game.
 D = Other kills in this place as a percentage of other kills in the entire game.
 E = Experience gained in this place as a percentage of experience gained in the entire game.
 F = Experience gained in this place divided by the number of levels of this place that you have seen.
                   A       B       C       D       E      F
               +-------+-------+-------+-------+-------+----------------------
         Total | 100.0 | 100.0 | 100.0 | 100.0 | 100.0 | 28892.1
       Dungeon |   8.2 |   8.4 |   5.0 |   0.0 |   1.6 | 4461.1
          Lair |   5.3 |   5.4 |   3.1 |   0.0 |   1.5 | 10738.7
         Swamp |   2.7 |   2.8 |   0.8 |   4.8 |   1.5 | 16219.0
     Snake Pit |   3.2 |   3.3 |   0.0 |   4.8 |   2.2 | 22536.5
    Slime Pits |   3.1 |   2.6 |  13.0 |   0.0 |   2.6 | 21679.8
  Orcish Mines |   2.0 |   2.1 |   0.4 |   0.0 |   0.4 | 7524.0
   Elven Halls |   3.1 |   3.1 |   3.1 |   0.0 |   3.5 | 48568.3
        Vaults |   9.2 |   9.3 |   8.8 |   0.0 |  10.4 | 87407.4
         Crypt |   2.6 |   2.6 |   1.9 |   0.0 |   2.6 | 35793.0
          Tomb |   5.7 |   5.8 |   4.6 |   0.0 |   8.6 | 120303.0
        Depths |   5.1 |   5.0 |   8.0 |   4.8 |   6.2 | 52095.0
          Hell |   1.7 |   1.8 |   0.0 |   0.0 |   1.8 | 74672.0
           Dis |   4.9 |   5.1 |   0.4 |   4.8 |   4.6 | 27628.6
       Gehenna |   5.7 |   5.9 |   0.0 |  28.6 |   4.5 | 27158.7
       Cocytus |   2.8 |   1.9 |  16.8 |  23.8 |   2.6 | 15506.6
      Tartarus |   3.9 |   3.8 |   6.9 |   0.0 |   4.4 | 26600.1
           Zot |   2.1 |   1.9 |   5.7 |   4.8 |   5.1 | 42982.0
         Abyss |   4.5 |   4.3 |   8.4 |   0.0 |   3.1 | 25979.0
   Pandemonium |   4.9 |   4.4 |  13.0 |  19.0 |   7.3 | 15286.4
      Ziggurat |  17.7 |  18.6 |   0.4 |   4.8 |  25.3 | 39319.7
         Sewer |   0.9 |   1.0 |   0.0 |   0.0 |   0.0 | 202.0
        Bailey |   0.8 |   0.8 |   0.0 |   0.0 |   0.1 | 2731.0
               +-------+-------+-------+-------+-------+----------------------
